 Dungeon Crawl Stone Soup version 0.29.0-4-gdea44cf6ec (webtiles) character file.

Game seed: 2899953229938520841

395130 qw the Hoplite (level 23, -5/160 HPs)
             Began as a Gargoyle Fighter on Sept 6, 2022.
             Was an Elder of Okawaru.
             Killed from afar by a hellion (25 damage)
             ... with damnation
             ... summoned by a dread lich
             ... on level 4 of the Depths.
             The game lasted 00:22:23 (39946 turns).

qw the Hoplite (Gargoyle Fighter)                  Turns: 39946, Time: 00:22:24

Health: -5/160     AC: 57    Str: 37    XL:     23   Next: 18%
Magic:  25/30      EV: 19    Int: 10    God:    Okawaru [****..]
Gold:   907        SH: 31    Dex: 20    Spells: 22/22 levels left

rFire   + . .      SeeInvis +   G - +9 war axe of the Desert {vamp, Int+3 Dex+5}
rCold   + + .      Faith    .   E - +0 tower shield {AC+3}
rNeg    + + +      Spirit   .   o - +5 plate armour of Narcissism {Rampage rC+ rCorr Str+3}
rPois   inf        Reflect  +   A - +0 hat of Negation {Fly rC+ rN+ SInv}
rElec   +          Harm     .   C - +1 cloak of Inquiry {rN+ Str+3}
rCorr   +          Rampage  +   y - +1 pair of gloves of the Salamander {+Blink rElec Regen+ Stlth-}
Will    ++...                   m - +2 pair of boots
Stlth   ..........              D - amulet of reflection
HPRegen 1.16/turn               x - ring "Vyr Hedd" {Dex+6 Slay+3}
MPRegen 0.22/turn               H - ring "Xohi Iri" {rF+ Will+}

@: heroic, finesse-ful, flying
A: sickness immunity, AC +17, big wings, negative energy resistance 1,
electricity resistance, torment resistance 1, petrification resistance, dopey 1,
MP-powered wands
}: 2/15 runes: serpentine, barnacled
a: Renounce Religion, Evoke Blink, Heroism, Finesse


You were on level 4 of the Depths.
You worshipped Okawaru.
Okawaru was greatly pleased with you.
You visited 8 branches of the dungeon, and saw 39 of its levels.
You also visited: Sewer and Gauntlet.

You collected 4454 gold pieces.
You spent 3547 gold pieces at shops.


Innate Abilities, Weirdness & Mutations

You are immune to sickness and miasma.
Your stone body is resilient. (AC +17)
You are immune to poison.
Your large and strong wings let you fly.
You resist negative energy. (rN+)
You are resistant to electric shocks. (rElec)
You are resistant to unholy torment.
You are immune to petrification.
You are dopey. (Int -2)
You expend magic power (3 MP) to strengthen your wands.


   Skills:
 - Level 21.0(26.0) Fighting
 - Level 16.0(21.0) Axes
 - Level 12.0(17.0) Throwing
 + Level 19.8(24.8) Armour
 - Level 11.0(16.0) Dodging
 - Level 21.0(26.0) Shields
 - Level 10.0 Invocations


You had 22 spell levels left.
You didn't know any spells.
Your spell library was empty.

Inventory:

Hand Weapons
 v - the +10 war axe "Remoaloh" {spect, rF+ MP+9 Dex-3}
   (Okawaru gifted it to you on level 10 of the Dungeon)

   When its wielder attacks, the weapon's spirit leaps out and strikes again.
   The spirit shares a part of any damage it takes with its wielder.
   Dex:       It affects your dexterity (-3).
   rF:        It protects you from fire.
   MP:        It affects your magic capacity (+9).
 G - the +9 war axe of the Desert (weapon) {vamp, Int+3 Dex+5}
   (Okawaru gifted it to you on level 15 of the Dungeon)

   It occasionally heals its wielder for a portion of the damage dealt when it
   wounds a living foe.
   Int:       It affects your intelligence (+3).
   Dex:       It affects your dexterity (+5).
Missiles
 a - 6 silver boomerangs
 c - 5 silver javelins (quivered)
 r - 46 boomerangs
 w - 2 boomerangs of dispersal
 B - 10 javelins
Armour
 m - a +2 pair of boots (worn)
 o - the +5 plate armour of Narcissism (worn) {Rampage rC+ rCorr Str+3}
   (Okawaru gifted it to you on level 1 of the Lair of Beasts)

   Str:       It affects your strength (+3).
   rC:        It protects you from cold.
   rCorr:     It protects you from acid and corrosion.
   Rampage:   It bestows one free step when moving towards enemies.
 u - a +2 helmet
 y - the +1 pair of gloves of the Salamander (worn) {+Blink rElec Regen+ Stlth-}
   (Okawaru gifted it to you on level 4 of the Lair of Beasts)

   rElec:     It insulates you from electricity.
   +Blink:    It lets you blink.
   Regen:     It increases your rate of health regeneration.
   Stlth:     It makes you less stealthy.
 z - the +0 pair of boots of the Harvest {rC+}
   (Okawaru gifted it to you on level 2 of the Depths)

   rC:        It protects you from cold.
 A - the +0 hat of Negation (worn) {Fly rC+ rN+ SInv}
   (You found it in a Gauntlet)

   rC:        It protects you from cold.
   rN:        It protects you from negative energy.
   SInv:      It lets you see invisible.
   Fly:       It grants you flight.
 C - the +1 cloak of Inquiry (worn) {rN+ Str+3}
   (You found it on level 1 of the Shoals)

   Str:       It affects your strength (+3).
   rN:        It protects you from negative energy.
 E - a +0 tower shield of protection (worn)
 I - +4 fire dragon scales {Xtahua}
 J - a +2 plate armour of fire resistance
Jewellery
 h - the ring "Jizxasao" {rPois rF++ rCorr MP+9 Dex-4}
   (You found it on level 15 of the Dungeon)

   [ring of magical power]

   Dex:       It affects your dexterity (-4).
   rF:        It greatly protects you from fire.
   rPois:     It protects you from poison.
   MP:        It affects your magic capacity (+9).
   rCorr:     It protects you from acid and corrosion.
 x - the ring "Vyr Hedd" (left hand) {Dex+6 Slay+3}
   (You took it off a minotaur in a Gauntlet)

   [ring of dexterity]

   Dex:       It affects your dexterity (+6).
   Slay:      It affects your accuracy & damage with ranged weapons and melee
   (+3).
 D - an amulet of reflection (around neck)
 F - the ring "Arhuheat" {rPois Str+3 Int-5 SInv}
   (You bought it in a shop on level 1 of the Shoals)

   [ring of see invisible]

   Str:       It affects your strength (+3).
   Int:       It affects your intelligence (-5).
   rPois:     It protects you from poison.
   SInv:      It lets you see invisible.
 H - the ring "Xohi Iri" (right hand) {rF+ Will+}
   (You bought it in a shop on level 15 of the Dungeon)

   [ring of protection from fire]

   rF:        It protects you from fire.
   Will:      It increases your willpower.
 M - the ring of the Cockatrice {Fire *Corrode Will- Dex+9 SInv}
   (You bought it in a shop on level 2 of the Depths)

   [ring of fire]

   It enhances your fire magic.
   Dex:       It affects your dexterity (+9).
   rF:        It protects you from fire.
   rC:        It makes you vulnerable to cold.
   SInv:      It lets you see invisible.
   *Corrode:  It may corrode you when you take damage.
   Will:      It decreases your willpower.
 O - the ring "Tecrilem" {rF+ Dex+2}
   (You found it on level 4 of the Shoals)

   [ring of protection from fire]

   Dex:       It affects your dexterity (+2).
   rF:        It protects you from fire.
 Y - a +4 ring of slaying {mikee}
Scrolls
 e - 25 scrolls of teleportation
 f - 2 scrolls of brand weapon
 i - 10 scrolls of blinking
 q - 12 scrolls of identify
 K - 3 scrolls of enchant weapon
 L - 4 scrolls of enchant armour
Potions
 b - 6 potions of haste
 d - 15 potions of might
 g - 14 potions of attraction
 j - 24 potions of curing
 k - 5 potions of lignification
 l - 2 potions of cancellation
 n - 6 potions of magic
 p - 11 potions of mutation
 s - 11 potions of heal wounds
 t - 2 potions of resistance

Dungeon Overview and Level Annotations

Branches:
Dungeon (15/15)            Temple (1/1) D:5            Lair (5/5) D:8
 Shoals (4/4) Lair:2        Snake (4/4) Lair:2        Slime (0/5) Lair:5
    Orc (2/2) D:12            Elf (0/3) Orc:2        Vaults (4/5) D:13
  Crypt (0/3) Vaults:2     Depths (4/4) D:15          Sewer (visited)
Gauntlet (visited)
    Zot: Depths:4

Altars:
Ashenzari
Dithmenos
Elyvilon
Fedhas
Hepliaklqana
Kikubaaqudgha
Makhleb
Okawaru
Trog
Vehumet
Wu Jian
Xom
Zin
The Shining One
Jiyva

Shops:
D:6 *   D:7 ?   D:15 :=(   Orc:2 (!**   Shoals:1 ([**   Shoals:4 [   Snake:2 (?
Snake:4 (   Depths:2 ::=   Depths:4 [(

Portals:
Hell: Depths:1 Depths:2 Depths:3 Depths:4
Abyss: Depths:3
Pandemonium: Depths:2 Depths:3
Ziggurat: Depths:4
Bazaar: Shoals:2

Annotations:
D:3 3 runed translucent doors, qw's ghost, amateur GrBe
D:6 1 runed translucent door, qw's ghost, novice BaCK
D:9 1 runed translucent door, qw's ghost, novice TrCA
D:15 2 transporters
Lair:2 3 runed translucent doors, qw's ghost, journeyman FoCA
Shoals:1 1 runed translucent door, Woutahasch's ghost, journeyman HOFi
Shoals:3 1 runed translucent door, qw's ghost, journeyman MiBe
Snake:1 6 transporters
Snake:2 2 transporters, qw's ghost, adept MiBe
Orc:2 2 runed translucent doors, qw's ghost, journeyman GrBe
Vaults:3 2 transporters


Message History

The dread lich shouts!
You hear a shout!
The ancient lich gestures wildly while chanting.
The ancient lich flickers and vanishes for a moment.
The dread lich gestures wildly while chanting.
The dread lich seems to speed up.
The dread lich casts a spell.
The dread lich casts a spell.
A hellion comes into view.
39938 ||| INVOKING Heroism.
You gain the combat prowess of a mighty hero.
The hellion gestures at you.
The sphere of damnation explodes!
The damnation engulfs you!!
39939 ||| INVOKING Finesse.
You can now deal lightning-fast blows.
You can no longer enter into single combat with a foe.
Okawaru will no longer gift you equipment.
The hellion gestures at you.
The sphere of damnation explodes!
The damnation engulfs you!! The hellion gestures at you.
The sphere of damnation explodes!
The damnation engulfs you!!
The Tzitzimitl calls on the powers of darkness!
Your body is wracked with pain!
39941 ||| FLEEEEING.
The ancient lich casts a spell.
The ancient lich seems to speed up.
39942 ||| FLEEEEING.
The hellion gestures at you.
The sphere of damnation explodes!
The damnation engulfs you!!
39943 ||| FLEEEEING.
The dread lich mumbles some strange words.
39944 ||| FLEEEEING.
The hellion gestures at you.
The sphere of damnation explodes!
The damnation engulfs you!
39945 ||| FLEEEEING.
39946 ||| FLEEEEING.
The tormentor calls on the powers of darkness!
Your body is wracked with pain!
The hellion gestures at you.
The sphere of damnation explodes!
The damnation engulfs you!!
You die...

~.......... #.~.......... ###
......~..... ....
.......~....
#######...##.....~~¤~.. #
##.##.# #...)##)..~¤~¤..
##.#.....###........~.~¤...
#....#.....####.........~..
#....#####..@##...........~..
##...#21L#.........))).......
##.##.2L##.......<....¤~....
#..#...#......~¤.)...¤¤¤.~~
##.#####......¤..(....~~.~~
#...#................¤¤.¤~
.....................~...¤
......()...###.###......¤
..####).)##.....##.....


You could see an ancient lich (fast, invisible), a dread lich (fast), a
Tzitzimitl (summoned), a hellion (summoned) and a tormentor (summoned).

Vanquished Creatures
  2 juggernauts
  Xtahua (Vaults:3)
  A golden dragon (Depths:4)
  Jory (Vaults:4)
  3 tentacled monstrosities
  A walking earthen tome (Depths:3)
  Rupert (D:15)
  Asterion (Vaults:3)
  A lich (Depths:3)
  2 walking frostbound tomes
  2 quicksilver dragons (Depths:3)
  2 ancient champions (Vaults:4)
  4 sphinxes
  A kraken (Shoals:2)
  Kirke (D:15)
  5 tengu reavers
  2 storm dragons (Depths:3)
  2 draconian knights (Vaults:4)
  5 nagarajas
  4 fire giants
  4 frost giants
  A balrug (Depths:1)
  10 vault wardens
  A cacodemon (Depths:3)
  An iron dragon (Depths:3)
  3 orc warlords
  12 ironbound preservers
  2 angels (Vaults:1)
  2 spriggan defenders (Depths:4)
  16 very ugly things
  A war gargoyle (Vaults:3)
  7 stone giants
  4 ironbound thunderhulks
  15 dire elephants
  Azrael (D:15)
  2 entropy weavers
  A minotaur (Gauntlet)
  8 merfolk impalers
  6 fire dragons
  11 yaktaur captains
  9 ettins
  4 great orbs of eyes
  5 merfolk javelineers
  3 salamander tyrants (Snake:4)
  8 boulder beetles
  18 vault guards
  11 hydras
  A peacekeeper (Vaults:3)
  A spectral tengu (Depths:1)
  A hell beast (Depths:2)
  5 ice dragons
  2 ogre magi (D:15)
  6 two-headed ogres
  10 spriggan air magi
  2 alligator snapping turtles (Shoals:4)
  8 anacondas
  4 catoblepae
  15 naga warriors
  10 ironbound frosthearts
  4 merfolk aquamancers
  4 merfolk avatars
  17 centaur warriors
  6 death yaks (Lair:5)
  8 deep troll shamans
  A titan zombie (Vaults:4)
  3 satyrs
  An alligator (shapeshifter) (Depths:3)
  9 spriggan berserkers
  8 deep troll earth magi
  7 tengu warriors
  15 naga sharpshooters
  A vampire mage (Depths:1)
  5 shock serpents
  3 sun demons
  9 iron trolls
  8 hell knights
  A fire crab (Lair:5)
  4 skeletal warriors (D:15)
  A shadow wraith (Vaults:4)
  A fire crab (shapeshifter) (D:15)
  7 salamander mystics
  3 glowing orange brains
  A flayed ghost (D:15)
  An obsidian statue (Gauntlet)
  17 sea snakes
  55 deep trolls
  17 ironbound convokers
  5 lindwurms
  A deep elf zephyrmancer (D:15)
  A phantasmal warrior (Vaults:4)
  8 wizards
  5 deep elf pyromancers
  8 naga ritualists
  5 mana vipers
  44 harpies
  8 necromancers
  14 orc knights
  2 orc sorcerers (Orc:1)
  9 fauns
  44 ugly things
  2 oklob plants (Lair:2)
  A stone giant zombie (Vaults:2)
  16 salamanders
  A tengu skeleton (Vaults:3)
  10 cyclopes
  21 manticores
  12 naga magi
  A rust devil (Depths:2)
  A fire giant skeleton (Vaults:3)
  Maurice (Orc:1)
  28 black mambas
  7 merfolk sirens
  7 guardian serpents
  3 smoke demons
  2 guardian serpents (shapeshifter)
  6 water nymphs
  19 vault sentinels
  13 elephants
  15 cane toads
  An orange demon (Depths:2)
  2 torpor snails
  Psyche (D:10)
  2 unseen horrors
  A kobold demonologist (D:15)
  A tengu conjurer (D:15)
  An unseen horror (shapeshifter) (D:15)
  4 komodo dragons
  4 rime drakes
  A freezing wraith (D:15)
  4 hellwings
  A yaktaur skeleton (Vaults:2)
  22 yaktaurs
  9 trolls
  A burning bush (Lair:2)
  A polar bear (Lair:5)
  A polar bear (shapeshifter) (D:14)
  2 meliai
  6 wind drakes
  26 blink frogs
  18 slime creatures
  20 dream sheep
  36 merfolk
  7 snapping turtles
  An ettin zombie (Vaults:2)
  5 hornets
  Sigmund (D:2)
  5 spriggans
  A culicivora (shapeshifter) (Depths:3)
  45 yaks
  A centaur simulacrum (D:15)
  3 vampires
  2 wraiths
  11 water elementals
  6 wyverns
  6 basilisks
  3 fire elementals (D:15)
  4 hogs (D:15)
  A human (D:15)
  A human (shapeshifter) (D:15)
  3 chaos spawn
  2 redbacks (Vaults:2)
  A steam dragon (D:6)
  10 vampire mosquitoes
  A glowing shapeshifter zombie (Vaults:4)
  30 nagas
  3 wargs (Orc:1)
  17 water moccasins
  30 orc warriors
  4 hell hounds (D:15)
  5 floating eyes
  A floating eye (shapeshifter) (Depths:3)
  A sky beast (D:8)
  3 ice beasts (D:5)
  2 black bears (Lair:5)
  A boggart (D:15)
  A glowing shapeshifter skeleton (Vaults:3)
  14 wolves
  8 ogres
  20 centaurs
  4 phantoms
  2 kobold brigands
  7 bullfrogs
  A glowing shapeshifter simulacrum (Vaults:2)
  A gnoll sergeant (D:8)
  A scorpion (D:6)
  3 human simulacra
  17 wights
  6 killer bees (D:7)
  3 howler monkeys
  An electric eel (D:10)
  2 jellies (D:7)
  2 hounds
  12 orc priests
  2 gnoll boudas
  5 iguanas
  Terence (D:2)
  16 orc wizards
  8 hell rats
  A boggart simulacrum (D:14)
  21 gnolls
  5 adders
  2 river rats (Sewer)
  3 shadow imps (Gauntlet)
  3 white imps
  3 worms
  4 dart slugs
  68 orcs
  5 endoplasms
  3 giant cockroaches (D:3)
  10 goblins
  11 hobgoblins
  4 jackals (D:1)
  6 quokkas
  3 training dummies (Snake:4)
  3 ball pythons
  7 bats
  4 frilled lizards
  11 kobolds
  12 rats
  2 tentacles (Shoals:2)
1520 creatures vanquished.

Vanquished Creatures (others)
  A stone giant (Depths:3)
  A rakshasa (Depths:1)
  A wizard (Gauntlet)
  An ironbound convoker (Vaults:2)
  An orc warrior (Orc:2)
  An orc wizard (D:5)
  An endoplasm (D:4)
  2 hobgoblins (D:4)
  22 fungi
  43 plants
  2 tentacles (Shoals:2)
76 creatures vanquished.

Grand Total: 1596 creatures vanquished

Notes
Turn   | Place    | Note
-------+----------+-------------------------------------------
     0 | D:1      | qw the Gargoyle Fighter began the quest for the Orb.
     0 | D:1      | Reached XP level 1. HP: 14/14 MP: 1/1
     0 | D:1      | 0 ||| qw: Version: 0.1-a-108-g9e35731
     0 | D:1      | 0 ||| qw: Game counter: 6312
     0 | D:1      | 0 ||| qw: Always use a shield: true
     0 | D:1      | 0 ||| qw: God list: Okawaru
     0 | D:1      | 0 ||| qw: Allow faded altars: false
     0 | D:1      | 0 ||| qw: Do Orc after D:15 true
     0 | D:1      | 0 ||| qw: Do second Lair branch before Depths: true
     0 | D:1      | 0 ||| qw: Lair rune preference: random
     0 | D:1      | 0 ||| qw: Plans: Normal, Zot, God:TSO, Crypt, Tomb, Zig,
                  | Orb
     0 | D:1      | 0 ||| PLANNING D:1-11
    48 | D:1      | Found a faded altar of an unknown god.
    70 | D:1      | 70 ||| Stepping ~*~*~tactically~*~*~ (hiding).
    73 | D:1      | 73 ||| Stepping ~*~*~tactically~*~*~ (hiding).
   255 | D:1      | 255 ||| Stepping ~*~*~tactically~*~*~ (hiding).
   259 | D:1      | 259 ||| Stepping ~*~*~tactically~*~*~ (hiding).
   267 | D:1      | Reached XP level 2. HP: 18/19 MP: 2/2
   636 | D:1      | 636 ||| Stepping ~*~*~tactically~*~*~ (stealth).
   754 | D:1      | Reached skill level 3 in Axes
   767 | D:1      | Reached XP level 3. HP: 23/23 MP: 3/3
  1097 | D:1      | 1097 ||| UPGRADING to +1 pair of boots.
  1102 | D:1      | 1102 ||| READING scroll labelled DAUMER PEIFINO.
  1203 | D:1      | 1203 ||| READING scroll labelled ROOT GUALLOQAU.
  1204 | D:1      | 1204 ||| READING scroll labelled DEMAUMO MESM.
  1205 | D:1      | 1205 ||| READING scroll labelled ALEFFI OMPOHUE.
  1206 | D:1      | 1206 ||| READING scroll labelled BYPUKHARRU.
  1211 | D:1      | 1211 ||| READING 3 scrolls labelled LABEWUKOVO.
  1212 | D:1      | 1212 ||| READING 2 scrolls of enchant weapon.
  1212 | D:1      | 1212 ||| ENCHANTING +1 war axe.
  1213 | D:1      | 1213 ||| READING scroll of enchant weapon.
  1213 | D:1      | 1213 ||| ENCHANTING +2 war axe.
  1295 | D:2      | Noticed Sigmund
  1303 | D:2      | Killed Sigmund
  1304 | D:2      | Reached XP level 4. HP: 13/28 MP: 4/4
  1304 | D:2      | Reached XP level 5. HP: 15/32 MP: 5/5
  1501 | D:2      | 1501 ||| DROPPING +0 club.
  1572 | D:2      | Noticed Terence
  1590 | D:2      | Killed Terence
  1591 | D:2      | Reached XP level 6. HP: 13/38 MP: 6/6
  1801 | D:2      | 1801 ||| DROPPING +0 mace.
  1995 | D:2      | 1995 ||| READING scroll of enchant weapon.
  1995 | D:2      | 1995 ||| ENCHANTING +3 war axe.
  2373 | D:2      | 2373 ||| UPGRADING to +0 chain mail.
  2383 | D:2      | 2383 ||| DROPPING +0 scale mail.
  2384 | D:2      | 2384 ||| READING scroll labelled SUCES PEINU.
  2385 | D:2      | 2385 ||| READING 2 scrolls labelled KIBUS JESUT.
  2386 | D:2      | 2386 ||| READING scroll labelled JANOPP XIMMOMO.
  2405 | D:3      | 2405 ||| PLANNING SEWER
  2437 | D:3      | Found a runed translucent gate.
  2438 | D:3      | Found a runed translucent gate.
  2439 | D:3      | Found a runed translucent gate.
  2440 | D:3      | Noticed qw's ghost (amateur GrBe)
  2440 | D:3      | Identified the +0 chain mail of Qeaczot {Fly rN+ Int-3}
  2466 | D:3      | 2466 ||| Stepping ~*~*~tactically~*~*~ (hiding).
  2687 | D:3      | Found a glowing drain.
  2714 | Sewer    | Entered a sewer
  2806 | Sewer    | 2806 ||| READING scroll of enchant weapon.
  2806 | Sewer    | 2806 ||| ENCHANTING +4 war axe.
  2827 | Sewer    | 2827 ||| DRINKING 2 fizzy yellow potions.
  2836 | D:3      | 2836 ||| PLANNING D:1-11
  2884 | D:3      | 2884 ||| Stepping ~*~*~tactically~*~*~ (hiding).
  2889 | D:3      | 2889 ||| Stepping ~*~*~tactically~*~*~ (hiding).
  2925 | D:3      | 2925 ||| Stepping ~*~*~tactically~*~*~ (stealth).
  2928 | D:3      | 2928 ||| Stepping ~*~*~tactically~*~*~ (stealth).
  2950 | D:3      | 2950 ||| Stepping ~*~*~tactically~*~*~ (stealth).
  2962 | D:3      | 2962 ||| Stepping ~*~*~tactically~*~*~ (stealth).
  2980 | D:3      | 2980 ||| Stepping ~*~*~tactically~*~*~ (stealth).
  2981 | D:3      | 2981 ||| Stepping ~*~*~tactically~*~*~ (stealth).
  2983 | D:3      | 2983 ||| Stepping ~*~*~tactically~*~*~ (hiding).
  2998 | D:3      | Reached skill level 6 in Axes
  3058 | D:3      | 3058 ||| Stepping ~*~*~tactically~*~*~ (stealth).
  3060 | D:3      | 3060 ||| Stepping ~*~*~tactically~*~*~ (stealth).
  3063 | D:3      | 3063 ||| Stepping ~*~*~tactically~*~*~ (stealth).
  3426 | D:3      | 3426 ||| READING scroll labelled GOZA JASEAP.
  3427 | D:3      | 3427 ||| DRINKING 3 metallic ruby potions.
  3455 | D:3      | 3455 ||| DRINKING 2 metallic coppery potions.
  3455 | D:3      | Gained mutation: You expend magic power (3 MP) to
                  | strengthen your wands. [potion of mutation]
  3499 | D:4      | Reached skill level 1 in Dodging
  3499 | D:4      | Reached XP level 7. HP: 42/43 MP: 7/7
  3553 | D:4      | 3553 ||| Stepping ~*~*~tactically~*~*~ (hiding).
  3621 | D:4      | 3621 ||| Stepping ~*~*~tactically~*~*~ (stealth).
  3627 | D:4      | 3627 ||| Stepping ~*~*~tactically~*~*~ (stealth).
  3719 | D:4      | 3719 ||| FLEEEEING.
  3720 | D:4      | 3720 ||| FLEEEEING.
  3721 | D:4      | 3721 ||| FLEEEEING.
  3803 | D:4      | 3803 ||| FLEEEEING.
  3804 | D:4      | 3804 ||| FLEEEEING.
  3806 | D:4      | 3806 ||| FLEEEEING.
  3807 | D:4      | 3807 ||| FLEEEEING.
  3810 | D:4      | 3810 ||| Stepping ~*~*~tactically~*~*~ (stealth).
  3813 | D:4      | 3813 ||| Stepping ~*~*~tactically~*~*~ (hiding).
  4299 | D:4      | 4299 ||| UPGRADING to +0 kite shield.
  4309 | D:4      | 4309 ||| DROPPING +0 buckler.
  4310 | D:4      | 4310 ||| UPGRADING to +0 helmet.
  4315 | D:4      | 4315 ||| UPGRADING to amulet of regeneration.
  4320 | D:4      | 4320 ||| UPGRADING to ring of resist corrosion.
  4321 | D:4      | 4321 ||| READING scroll labelled FUSHRIU SOUR.
  4330 | D:4      | 4330 ||| DRINKING 3 sapphire potions.
  4331 | D:4      | 4331 ||| DROPPING 2 potions of invisibility.
  4370 | D:5      | Entered Level 5 of the Dungeon
  4396 | D:5      | 4396 ||| Stepping ~*~*~tactically~*~*~ (hiding).
  4398 | D:5      | 4398 ||| Stepping ~*~*~tactically~*~*~ (hiding).
  4401 | D:5      | 4401 ||| Stepping ~*~*~tactically~*~*~ (hiding).
  4587 | D:5      | Reached XP level 8. HP: 48/48 MP: 8/8
  4655 | D:5      | Found a staircase to the Ecumenical Temple.
  4656 | D:5      | 4656 ||| PLANNING TEMPLE
  4665 | D:5      | 4665 ||| READING 2 scrolls of identify.
  4665 | D:5      | 4665 ||| IDENTIFYING brown potion
  4666 | D:5      | 4666 ||| DROPPING potion of magic.
  4671 | Temple   | Entered the Ecumenical Temple
  4721 | Temple   | Became a worshipper of Warmaster Okawaru
  4733 | Temple   | 4733 ||| PLANNING D:1-11
  4808 | D:5      | Reached skill level 6 in Shields
  4834 | D:5      | 4834 ||| Stepping ~*~*~tactically~*~*~ (hiding).
  5466 | D:5      | 5466 ||| UPGRADING to +1 pair of gloves.
  5471 | D:5      | 5471 ||| READING 4 scrolls of identify.
  5471 | D:5      | 5471 ||| IDENTIFYING white potion
  5472 | D:5      | 5472 ||| READING 3 scrolls of identify.
  5472 | D:5      | 5472 ||| IDENTIFYING fuming brown potion
  5473 | D:5      | 5473 ||| READING 2 scrolls of identify.
  5473 | D:5      | 5473 ||| IDENTIFYING silvery potion
  5504 | D:6      | 5504 ||| Stepping randomly (cloudy).
  5512 | D:6      | HP: 11/49 [steam dragon/ball of steam (6)]
  5513 | D:6      | 5513 ||| DRINKING potion of heal wounds.
  5518 | D:6      | Reached * piety under Okawaru
  5676 | D:6      | Found a runed translucent door.
  5681 | D:6      | 5681 ||| Stepping ~*~*~tactically~*~*~ (hiding).
  5682 | D:6      | 5682 ||| INVOKING Heroism.
  5683 | D:6      | Noticed qw's ghost (novice BaCK)
  5710 | D:6      | Found Ythref's Assorted Antiques.
  5720 | D:6      | 5720 ||| INVOKING Heroism.
  5726 | D:6      | Reached skill level 1 in Invocations
  5728 | D:6      | Reached skill level 1 in Throwing
  5750 | D:6      | 5750 ||| BUYING 2 potions of might (232 gold).
  5750 | D:6      | Bought 2 potions of might for 232 gold pieces
  5750 | D:6      | 5750 ||| SHOPLISTING potion of curing (87 gold, have 69).
  5750 | D:6      | 5750 ||| SHOPLISTING potion of haste (290 gold, have 69).
  5750 | D:6      | 5750 ||| SHOPLISTING potion of heal wounds (145 gold, have
                  | 69).
  5750 | D:6      | 5750 ||| SHOPLISTING wavering granite ring (145 gold, have
                  | 69).
  5762 | D:6      | Reached XP level 9. HP: 54/54 MP: 9/11
  5827 | D:6      | 5827 ||| READING 3 scrolls of enchant armour.
  5827 | D:6      | 5827 ||| ENCHANTING +1 pair of gloves.
  5828 | D:6      | 5828 ||| READING 2 scrolls of enchant armour.
  5828 | D:6      | 5828 ||| ENCHANTING +0 helmet.
  5829 | D:6      | 5829 ||| READING scroll of enchant armour.
  5829 | D:6      | 5829 ||| ENCHANTING +1 helmet.
  5849 | D:6      | 5849 ||| Stepping ~*~*~tactically~*~*~ (stealth).
  5852 | D:6      | 5852 ||| Stepping ~*~*~tactically~*~*~ (hiding).
  5854 | D:6      | 5854 ||| Stepping ~*~*~tactically~*~*~ (hiding).
  5856 | D:6      | 5856 ||| Stepping ~*~*~tactically~*~*~ (hiding).
  5925 | D:6      | Reached skill level 3 in Invocations
  5988 | D:6      | 5988 ||| Stepping ~*~*~tactically~*~*~ (stealth).
  6201 | D:6      | 6201 ||| DRINKING 2 orange potions.
  6202 | D:6      | 6202 ||| DROPPING potion of flight.
  6224 | D:7      | 6224 ||| STAIRDANCE
  6226 | D:6      | 6226 ||| INVOKING Heroism.
  6298 | D:7      | 6298 ||| Stepping ~*~*~tactically~*~*~ (stealth).
  6319 | D:7      | 6319 ||| INVOKING Heroism.
  6323 | D:7      | 6323 ||| Stepping ~*~*~tactically~*~*~ (stealth).
  6373 | D:7      | 6373 ||| INVOKING Heroism.
  6440 | D:7      | Reached ** piety under Okawaru
  6457 | D:7      | 6457 ||| INVOKING Heroism.
  6466 | D:7      | Reached skill level 6 in Fighting
  6538 | D:7      | Found Wodwe's Magic Scroll Shop.
  6547 | D:7      | 6547 ||| BUYING scroll of identify (32 gold).
  6547 | D:7      | Bought a scroll of identify for 32 gold pieces
  6547 | D:7      | 6547 ||| BUYING scroll of identify (32 gold).
  6547 | D:7      | Bought a scroll of identify for 32 gold pieces
  6688 | D:7      | Found an ancient bone altar of Kikubaaqudgha.
  6688 | D:7      | Found a shadowy altar of Dithmenos.
  6807 | D:7      | 6807 ||| UPGRADING to +6 ring of dexterity.
  6808 | D:7      | 6808 ||| READING scroll labelled OXTUOQY AZXI.
  6809 | D:7      | 6809 ||| READING scroll labelled IHODETT NYCU.
  6810 | D:7      | 6810 ||| READING scroll labelled GAQ ROICROKH.
  6811 | D:7      | 6811 ||| DRINKING 2 cyan potions.
  6812 | D:7      | 6812 ||| DRINKING 2 pink potions.
  6813 | D:7      | 6813 ||| READING 3 scrolls of identify.
  6813 | D:7      | 6813 ||| IDENTIFYING glowing green potion
  6814 | D:7      | 6814 ||| DROPPING potion of brilliance.
  6815 | D:7      | 6815 ||| DROPPING potion of degeneration.
  6922 | D:8      | 6922 ||| Stepping ~*~*~tactically~*~*~ (stealth).
  6928 | D:8      | 6928 ||| INVOKING Heroism.
  6934 | D:8      | 6934 ||| Stepping ~*~*~tactically~*~*~ (stealth).
  7021 | D:8      | 7021 ||| INVOKING Heroism.
  7044 | D:8      | Reached XP level 10. HP: 60/60 MP: 13/13
  7139 | D:8      | 7139 ||| Stepping ~*~*~tactically~*~*~ (hiding).
  7150 | D:8      | 7150 ||| INVOKING Heroism.
  7155 | D:8      | Reached skill level 9 in Axes
  7164 | D:8      | Reached *** piety under Okawaru
  7184 | D:8      | Found a staircase to the Lair.
  7720 | D:8      | 7720 ||| PLANNING LAIR
  7795 | Lair:1   | Entered Level 1 of the Lair of Beasts
  7815 | Lair:1   | 7815 ||| Stepping ~*~*~tactically~*~*~ (stealth).
  7818 | Lair:1   | 7818 ||| Stepping ~*~*~tactically~*~*~ (stealth).
  7856 | Lair:1   | 7856 ||| Stepping ~*~*~tactically~*~*~ (stealth).
  7877 | Lair:1   | 7877 ||| Stepping ~*~*~tactically~*~*~ (stealth).
  7918 | Lair:1   | 7918 ||| Stepping ~*~*~tactically~*~*~ (stealth).
  7919 | Lair:1   | 7919 ||| INVOKING Heroism.
  7927 | Lair:1   | Reached skill level 9 in Shields
  7943 | Lair:1   | 7943 ||| INVOKING Heroism.
  7952 | Lair:1   | Reached **** piety under Okawaru
  8077 | Lair:1   | 8077 ||| Stepping ~*~*~tactically~*~*~ (stealth).
  8078 | Lair:1   | Noticed a torpor snail
  8079 | Lair:1   | 8079 ||| INVOKING Heroism.
  8087 | Lair:1   | Killed a torpor snail
  8162 | Lair:1   | Noticed a cane toad
  8163 | Lair:1   | 8163 ||| INVOKING Heroism.
  8168 | Lair:1   | Killed a cane toad
  8169 | Lair:1   | Reached skill level 6 in Armour
  8169 | Lair:1   | Reached XP level 11. HP: 66/67 MP: 11/15
  8257 | Lair:1   | 8257 ||| INVOKING Heroism.
  8268 | Lair:1   | Reached skill level 6 in Invocations
  8279 | Lair:1   | Reached ***** piety under Okawaru
  8520 | Lair:1   | 8520 ||| INVOKING Heroism.
  8720 | Lair:1   | 8720 ||| Stepping ~*~*~tactically~*~*~ (stealth).
  8721 | Lair:1   | 8721 ||| Stepping ~*~*~tactically~*~*~ (stealth).
  8723 | Lair:1   | 8723 ||| Stepping ~*~*~tactically~*~*~ (stealth).
  8731 | Lair:1   | Identified the +5 plate armour of Narcissism {Rampage rC+
                  | rCorr Str+3} (Okawaru gifted it to you on level 1 of the
                  | Lair of Beasts)
  8731 | Lair:1   | Received a gift from Okawaru
  8757 | Lair:1   | 8757 ||| UPGRADING to +5 plate armour of Narcissism
                  | {Rampage rC+ rCorr Str+3}.
  8767 | Lair:1   | 8767 ||| REMOVING ring of resist corrosion.
  8768 | Lair:1   | 8768 ||| DROPPING +0 chain mail.
  8769 | Lair:1   | 8769 ||| UPGRADING to ring of positive energy.
  8799 | Lair:2   | 8799 ||| INVOKING Heroism.
  8839 | Lair:2   | 8839 ||| Stepping ~*~*~tactically~*~*~ (stealth).
  8842 | Lair:2   | 8842 ||| Stepping ~*~*~tactically~*~*~ (stealth).
  8845 | Lair:2   | 8845 ||| Stepping ~*~*~tactically~*~*~ (stealth).
  8845 | Lair:2   | Found a staircase to the Shoals.
  8848 | Lair:2   | 8848 ||| Stepping ~*~*~tactically~*~*~ (stealth).
  8849 | Lair:2   | 8849 ||| INVOKING Heroism.
  8859 | Lair:2   | Reached skill level 3 in Throwing
  8942 | Lair:2   | 8942 ||| INVOKING Heroism.
  8961 | Lair:2   | Noticed a seven-headed hydra
  8962 | Lair:2   | 8962 ||| INVOKING Heroism.
  8963 | Lair:2   | 8963 ||| INVOKING Finesse.
  8964 | Lair:2   | 8964 ||| SWAPPING to +0 morningstar.
  8979 | Lair:2   | Killed a seven-headed hydra
  8980 | Lair:2   | 8980 ||| SWAPPING to +5 war axe.
  9124 | Lair:2   | 9124 ||| INVOKING Heroism.
  9191 | Lair:2   | Found a staircase to the Snake Pit.
  9238 | Lair:2   | 9238 ||| Stepping ~*~*~tactically~*~*~ (stealth).
  9240 | Lair:2   | 9240 ||| INVOKING Heroism.
  9255 | Lair:2   | Reached skill level 9 in Invocations
  9319 | Lair:2   | Found a blossoming altar of Fedhas.
  9321 | Lair:2   | Noticed an oklob plant
  9322 | Lair:2   | 9322 ||| INVOKING Heroism.
  9323 | Lair:2   | 9323 ||| INVOKING Finesse.
  9324 | Lair:2   | Noticed an oklob plant
  9333 | Lair:2   | Killed an oklob plant
  9339 | Lair:2   | Killed an oklob plant
  9340 | Lair:2   | Reached XP level 12. HP: 58/73 MP: 11/19
  9588 | Lair:2   | 9588 ||| INVOKING Heroism.
  9651 | Lair:2   | 9651 ||| Stepping ~*~*~tactically~*~*~ (stealth).
  9662 | Lair:2   | Found a runed translucent gate.
  9662 | Lair:2   | Found a runed translucent gate.
  9662 | Lair:2   | Found a runed translucent gate.
  9663 | Lair:2   | Noticed qw's ghost (journeyman FoCA)
  9810 | Lair:3   | 9810 ||| PLANNING GAUNTLET
 10077 | Lair:3   | 10077 ||| INVOKING Heroism.
 10176 | Lair:3   | Found a gate leading to a gauntlet.
 10177 | Lair:3   | 10177 ||| UPGRADING to ring of protection from fire.
 10187 | Gauntlet | Entered a Gauntlet
 10187 | Gauntlet | Found a transporter.
 10196 | Gauntlet | Found a transporter.
 10207 | Gauntlet | Found a runed translucent door.
 10210 | Gauntlet | Found a transporter.
 10212 | Gauntlet | Found a transporter.
 10218 | Gauntlet | Noticed a ghost crab
 10232 | Gauntlet | Found a transporter.
 10245 | Gauntlet | Found a transporter.
 10263 | Gauntlet | Found a transporter.
 10264 | Gauntlet | Found a transporter.
 10265 | Gauntlet | Found a transporter.
 10265 | Gauntlet | Found a transporter.
 10273 | Gauntlet | Found a transporter.
 10273 | Gauntlet | Noticed a great orb of eyes
 10313 | Gauntlet | Found a transporter.
 10369 | Gauntlet | 10369 ||| INVOKING Heroism.
 10414 | Gauntlet | 10414 ||| DROPPING ring of resist corrosion.
 10415 | Gauntlet | 10415 ||| UPGRADING to +4 ring of slaying {mikee}.
 10417 | Gauntlet | 10417 ||| DROPPING ring of positive energy.
 10418 | Gauntlet | 10418 ||| UPGRADING to ring of protection from fire.
 10428 | Gauntlet | 10428 ||| INVOKING Heroism.
 10451 | Gauntlet | Received a gift from Okawaru
 10565 | Gauntlet | Identified the +0 pair of gloves of Shielding {-Tele Fly
                  | rPois}
 10586 | Gauntlet | Identified the ring "Vyr Hedd" {Dex+6 Slay+3}
 10586 | Gauntlet | Noticed a minotaur
 10587 | Gauntlet | 10587 ||| INVOKING Heroism.
 10595 | Gauntlet | Killed a minotaur
 10623 | Gauntlet | Identified the +0 hat of Negation {Fly rC+ rN+ SInv}
 10639 | Gauntlet | 10639 ||| UPGRADING to +0 hat of Negation {Fly rC+ rN+
                  | SInv}.
 10649 | Gauntlet | 10649 ||| UPGRADING to ring "Vyr Hedd" {Dex+6 Slay+3}.
 10651 | Gauntlet | 10651 ||| DROPPING +6 ring of dexterity.
 10652 | Gauntlet | 10652 ||| UPGRADING to +4 ring of slaying {mikee}.
 10666 | Lair:3   | 10666 ||| PLANNING LAIR
 11036 | Lair:4   | 11036 ||| Stepping ~*~*~tactically~*~*~ (hiding).
 11053 | Lair:4   | 11053 ||| INVOKING Heroism.
 11123 | Lair:4   | 11123 ||| INVOKING Heroism.
 11135 | Lair:4   | Reached skill level 9 in Fighting
 11145 | Lair:4   | 11145 ||| Stepping ~*~*~tactically~*~*~ (stealth).
 11147 | Lair:4   | Reached skill level 3 in Dodging
 11158 | Lair:4   | Identified the +1 pair of gloves of the Salamander {+Blink
                  | rElec Regen+ Stlth-} (Okawaru gifted it to you on level 4
                  | of the Lair of Beasts)
 11158 | Lair:4   | Received a gift from Okawaru
 11191 | Lair:4   | Noticed a boulder beetle
 11193 | Lair:4   | 11193 ||| INVOKING Heroism.
 11194 | Lair:4   | 11194 ||| INVOKING Finesse.
 11204 | Lair:4   | HP: 14/76 [boulder beetle (20)]
 11205 | Lair:4   | 11205 ||| READING 5 scrolls of teleportation.
 11206 | Lair:4   | 11206 ||| DRINKING 2 potions of heal wounds.
 11207 | Lair:4   | Killed a boulder beetle
 11322 | Lair:4   | 11322 ||| Stepping ~*~*~tactically~*~*~ (hiding).
 11324 | Lair:4   | 11324 ||| Stepping ~*~*~tactically~*~*~ (hiding).
 11444 | Lair:4   | 11444 ||| Stepping ~*~*~tactically~*~*~ (stealth).
 11446 | Lair:4   | 11446 ||| INVOKING Heroism.
 11447 | Lair:4   | 11447 ||| Stepping ~*~*~tactically~*~*~ (stealth).
 11464 | Lair:4   | Reached skill level 12 in Axes
 11714 | Lair:4   | Reached XP level 13. HP: 80/80 MP: 20/20
 11797 | Lair:4   | 11797 ||| INVOKING Heroism.
 11798 | Lair:4   | 11798 ||| SWAPPING to +0 morningstar.
 11799 | Lair:4   | 11799 ||| INVOKING Finesse.
 11808 | Lair:4   | 11808 ||| SWAPPING to +5 war axe.
 11836 | Lair:4   | 11836 ||| Stepping ~*~*~tactically~*~*~ (stealth).
 11846 | Lair:4   | 11846 ||| INVOKING Heroism.
 11851 | Lair:4   | 11851 ||| SWAPPING to +0 morningstar.
 11858 | Lair:4   | 11858 ||| SWAPPING to +5 war axe.
 11887 | Lair:4   | 11887 ||| INVOKING Heroism.
 12238 | Lair:4   | 12238 ||| UPGRADING to +1 pair of gloves of the Salamander
                  | {+Blink rElec Regen+ Stlth-}.
 12248 | Lair:4   | 12248 ||| DROPPING +2 pair of gloves.
 12249 | Lair:4   | 12249 ||| DROPPING amulet of the acrobat.
 12281 | Lair:5   | Entered Level 5 of the Lair of Beasts
 12301 | Lair:5   | 12301 ||| Stepping ~*~*~tactically~*~*~ (stealth).
 12303 | Lair:5   | 12303 ||| Stepping ~*~*~tactically~*~*~ (stealth).
 12309 | Lair:5   | 12309 ||| INVOKING Heroism.
 12319 | Lair:5   | 12319 ||| Stepping ~*~*~tactically~*~*~ (stealth).
 12359 | Lair:5   | 12359 ||| INVOKING Heroism.
 12365 | Lair:5   | 12365 ||| Stepping ~*~*~tactically~*~*~ (stealth).
 12366 | Lair:5   | 12366 ||| Stepping ~*~*~tactically~*~*~ (stealth).
 12445 | Lair:5   | 12445 ||| INVOKING Heroism.
 12446 | Lair:5   | 12446 ||| INVOKING Finesse.
 12497 | Lair:5   | Found a staircase to the Slime Pits.
 12500 | Lair:5   | Found a viscous altar of Jiyva.
 12532 | Lair:5   | 12532 ||| INVOKING Heroism.
 12534 | Lair:5   | 12534 ||| Stepping ~*~*~tactically~*~*~ (stealth).
 12585 | Lair:5   | 12585 ||| Stepping ~*~*~tactically~*~*~ (hiding).
 12587 | Lair:5   | 12587 ||| INVOKING Heroism.
 12605 | Lair:5   | 12605 ||| Stepping ~*~*~tactically~*~*~ (stealth).
 12606 | Lair:5   | 12606 ||| Stepping ~*~*~tactically~*~*~ (stealth).
 12607 | Lair:5   | 12607 ||| Stepping ~*~*~tactically~*~*~ (stealth).
 12611 | Lair:5   | 12611 ||| Stepping ~*~*~tactically~*~*~ (stealth).
 12616 | Lair:5   | 12616 ||| Stepping ~*~*~tactically~*~*~ (stealth).
 12622 | Lair:5   | 12622 ||| INVOKING Heroism.
 12630 | Lair:5   | Received a gift from Okawaru
 12636 | Lair:5   | Reached skill level 9 in Armour
 12681 | Lair:5   | 12681 ||| INVOKING Heroism.
 12728 | Lair:5   | 12728 ||| INVOKING Heroism.
 12733 | Lair:5   | Received a gift from Okawaru
 12944 | Lair:5   | 12944 ||| Stepping ~*~*~tactically~*~*~ (stealth).
 13014 | Lair:5   | 13014 ||| INVOKING Heroism.
 13015 | Lair:5   | 13015 ||| INVOKING Finesse.
 13016 | Lair:5   | 13016 ||| Stepping ~*~*~tactically~*~*~ (stealth).
 13017 | Lair:5   | 13017 ||| Stepping ~*~*~tactically~*~*~ (stealth).
 13049 | Lair:5   | Received a gift from Okawaru
 13058 | Lair:5   | Gained mutation: Your large and strong wings let you fly.
                  | [Gargoyle growth]
 13058 | Lair:5   | Reached XP level 14. HP: 78/88 MP: 16/21
 13094 | Lair:5   | 13094 ||| INVOKING Heroism.
 13095 | Lair:5   | 13095 ||| INVOKING Finesse.
 13097 | Lair:5   | 13097 ||| Stepping ~*~*~tactically~*~*~ (stealth).
 13139 | Lair:5   | 13139 ||| INVOKING Heroism.
 13140 | Lair:5   | 13140 ||| SWAPPING to +0 morningstar.
 13147 | Lair:5   | 13147 ||| SWAPPING to +5 war axe.
 13345 | Lair:5   | 13345 ||| Stepping ~*~*~tactically~*~*~ (stealth).
 13346 | Lair:5   | 13346 ||| Stepping ~*~*~tactically~*~*~ (stealth).
 13349 | Lair:5   | 13349 ||| INVOKING Heroism.
 13368 | Lair:5   | Received a gift from Okawaru
 13394 | Lair:5   | 13394 ||| PLANNING D:1-11
 13394 | Lair:5   | 13394 ||| DROPPING +0 pair of gloves of Shielding {-Tele
                  | Fly rPois}.
 13395 | Lair:5   | 13395 ||| DROPPING ring of see invisible.
 13396 | Lair:5   | 13396 ||| READING scroll labelled VISAUTRITU.
 13554 | D:9      | 13554 ||| INVOKING Heroism.
 13611 | D:9      | 13611 ||| Stepping ~*~*~tactically~*~*~ (stealth).
 13613 | D:9      | 13613 ||| Stepping ~*~*~tactically~*~*~ (stealth).
 13645 | D:9      | 13645 ||| Stepping ~*~*~tactically~*~*~ (stealth).
 13646 | D:9      | 13646 ||| Stepping ~*~*~tactically~*~*~ (stealth).
 13802 | D:9      | 13802 ||| Stepping ~*~*~tactically~*~*~ (stealth).
 13807 | D:9      | 13807 ||| Stepping ~*~*~tactically~*~*~ (stealth).
 13809 | D:9      | 13809 ||| Stepping ~*~*~tactically~*~*~ (hiding).
 13990 | D:9      | Found a runed translucent door.
 13991 | D:9      | Identified the +9 trident of the Ageless Tusks {elec, Drain
                  | Str+4}
 13991 | D:9      | Noticed qw's ghost (novice TrCA)
 14044 | D:9      | 14044 ||| DROPPING ring of ice.
 14080 | D:10     | Entered Level 10 of the Dungeon
 14081 | D:10     | 14081 ||| STAIRDANCE
 14184 | D:10     | Noticed Psyche
 14191 | D:10     | Killed Psyche
 14194 | D:10     | 14194 ||| Stepping ~*~*~tactically~*~*~ (hiding).
 14196 | D:10     | 14196 ||| Stepping ~*~*~tactically~*~*~ (hiding).
 14198 | D:10     | 14198 ||| Stepping ~*~*~tactically~*~*~ (hiding).
 14351 | D:10     | Found a flagged portal.
 14352 | D:10     | 14352 ||| INVOKING Heroism.
 14473 | D:10     | Identified the +10 war axe "Remoaloh" {spect, rF+ MP+9
                  | Dex-3} (Okawaru gifted it to you on level 10 of the
                  | Dungeon)
 14473 | D:10     | Received a gift from Okawaru
 14474 | D:10     | 14474 ||| DRINKING 8 potions of curing.
 14474 | D:10     | 14474 ||| (to cure confusion)
 14497 | D:10     | Reached skill level 12 in Shields
 14556 | D:10     | 14556 ||| INVOKING Heroism.
 14557 | D:10     | 14557 ||| INVOKING Finesse.
 14570 | D:10     | 14570 ||| Stepping ~*~*~tactically~*~*~ (hiding).
 15172 | D:11     | You are sucked into a shaft and drop 1 floor!
 15214 | D:11     | 15214 ||| INVOKING Heroism.
 15245 | D:11     | 15245 ||| Stepping ~*~*~tactically~*~*~ (stealth).
 15517 | D:11     | 15517 ||| INVOKING Heroism.
 15518 | D:11     | 15518 ||| INVOKING Finesse.
 15760 | D:11     | 15760 ||| INVOKING Heroism.
 15776 | D:11     | Reached skill level 15 in Axes
 15787 | D:11     | 15787 ||| PLANNING D
 15787 | D:11     | 15787 ||| READING 9 scrolls of identify.
 15787 | D:11     | 15787 ||| IDENTIFYING fizzy purple potion
 15788 | D:11     | 15788 ||| DROPPING potion of ambrosia.
 15839 | D:12     | Found a broken altar of Ashenzari.
 15849 | D:12     | 15849 ||| Stepping ~*~*~tactically~*~*~ (stealth).
 15859 | D:12     | 15859 ||| INVOKING Heroism.
 16119 | D:12     | Found a staircase to the Orcish Mines.
 16166 | D:12     | 16166 ||| INVOKING Heroism.
 16167 | D:12     | 16167 ||| INVOKING Finesse.
 16169 | D:12     | 16169 ||| SWAPPING to +0 morningstar.
 16174 | D:12     | 16174 ||| SWAPPING to +5 vampiric war axe.
 16391 | D:12     | 16391 ||| Stepping ~*~*~tactically~*~*~ (stealth).
 16392 | D:12     | 16392 ||| Stepping ~*~*~tactically~*~*~ (stealth).
 16394 | D:12     | 16394 ||| Stepping ~*~*~tactically~*~*~ (stealth).
 16465 | D:12     | 16465 ||| FLEEEEING.
 16466 | D:12     | 16466 ||| FLEEEEING.
 16467 | D:12     | 16467 ||| FLEEEEING.
 16468 | D:12     | 16468 ||| FLEEEEING.
 16469 | D:12     | 16469 ||| FLEEEEING.
 16470 | D:12     | 16470 ||| FLEEEEING.
 16471 | D:12     | 16471 ||| FLEEEEING.
 16472 | D:12     | 16472 ||| FLEEEEING.
 16473 | D:12     | 16473 ||| FLEEEEING.
 16474 | D:12     | 16474 ||| FLEEEEING.
 16475 | D:12     | 16475 ||| FLEEEEING.
 16476 | D:12     | 16476 ||| FLEEEEING.
 16477 | D:12     | 16477 ||| FLEEEEING.
 16478 | D:12     | 16478 ||| FLEEEEING.
 16479 | D:12     | 16479 ||| FLEEEEING.
 16480 | D:12     | 16480 ||| FLEEEEING.
 16482 | D:12     | 16482 ||| FLEEEEING.
 16483 | D:12     | 16483 ||| FLEEEEING.
 16484 | D:12     | 16484 ||| FLEEEEING.
 16485 | D:12     | 16485 ||| FLEEEEING.
 16486 | D:12     | 16486 ||| FLEEEEING.
 16487 | D:12     | 16487 ||| FLEEEEING.
 16489 | D:12     | 16489 ||| FLEEEEING.
 16490 | D:12     | 16490 ||| FLEEEEING.
 16491 | D:12     | 16491 ||| FLEEEEING.
 16492 | D:12     | 16492 ||| INVOKING Heroism.
 16493 | D:12     | 16493 ||| SWAPPING to +0 morningstar.
 16494 | D:12     | 16494 ||| INVOKING Finesse.
 16502 | D:12     | 16502 ||| SWAPPING to +5 vampiric war axe.
 16578 | D:12     | 16578 ||| READING scroll labelled CAYSKUTARE.
 16579 | D:12     | 16579 ||| READING 9 scrolls of identify.
 16579 | D:12     | 16579 ||| IDENTIFYING clear potion
 16580 | D:12     | 16580 ||| DROPPING potion of berserk rage.
 16653 | D:13     | Found a frozen archway.
 16736 | D:13     | 16736 ||| Stepping ~*~*~tactically~*~*~ (hiding).
 16870 | D:13     | 16870 ||| Stepping ~*~*~tactically~*~*~ (hiding).
 16876 | D:13     | 16876 ||| INVOKING Heroism.
 16877 | D:13     | 16877 ||| INVOKING Finesse.
 16881 | D:13     | Reached XP level 15. HP: 96/96 MP: 14/22
 16895 | D:13     | Reached skill level 12 in Fighting
 16987 | D:13     | 16987 ||| INVOKING Heroism.
 17043 | D:13     | Found a gate to the Vaults.
 17044 | D:13     | 17044 ||| Stepping ~*~*~tactically~*~*~ (stealth).
 17046 | D:13     | 17046 ||| INVOKING Heroism.
 17049 | D:13     | 17049 ||| Stepping ~*~*~tactically~*~*~ (hiding).
 17082 | D:13     | Received a gift from Okawaru
 17097 | D:13     | 17097 ||| DROPPING +0 morningstar.
 17100 | D:13     | 17100 ||| DROPPING +1 vampiric war axe.
 17114 | D:13     | 17114 ||| Stepping ~*~*~tactically~*~*~ (stealth).
 17116 | D:13     | 17116 ||| Stepping ~*~*~tactically~*~*~ (hiding).
 17117 | D:13     | 17117 ||| Stepping ~*~*~tactically~*~*~ (hiding).
 17120 | D:13     | 17120 ||| INVOKING Heroism.
 17174 | D:13     | 17174 ||| Stepping ~*~*~tactically~*~*~ (hiding).
 17496 | D:13     | 17496 ||| UPGRADING to +2 kite shield.
 17506 | D:13     | 17506 ||| DROPPING +0 kite shield.
 17507 | D:13     | 17507 ||| READING scroll labelled FAIPSI OJOFA.
 17744 | D:14     | 17744 ||| Stepping ~*~*~tactically~*~*~ (stealth).
 17855 | D:14     | 17855 ||| READING scroll of enchant weapon.
 17855 | D:14     | 17855 ||| ENCHANTING +5 vampiric war axe.
 17870 | D:14     | 17870 ||| Stepping ~*~*~tactically~*~*~ (stealth).
 17874 | D:14     | 17874 ||| Stepping ~*~*~tactically~*~*~ (stealth).
 17980 | D:14     | 17980 ||| Stepping ~*~*~tactically~*~*~ (stealth).
 17982 | D:14     | 17982 ||| Stepping ~*~*~tactically~*~*~ (stealth).
 17988 | D:14     | 17988 ||| INVOKING Heroism.
 17998 | D:14     | Identified the +2 robe "Micveogg" {Will+ Int+3} (Okawaru
                  | gifted it to you on level 14 of the Dungeon)
 17998 | D:14     | Received a gift from Okawaru
 18215 | D:14     | 18215 ||| Stepping ~*~*~tactically~*~*~ (hiding).
 18217 | D:14     | 18217 ||| INVOKING Heroism.
 18382 | D:15     | Entered Level 15 of the Dungeon
 18383 | D:15     | 18383 ||| INVOKING Heroism.
 18384 | D:15     | 18384 ||| STAIRDANCE
 18432 | D:15     | 18432 ||| INVOKING Heroism.
 18433 | D:15     | 18433 ||| INVOKING Finesse.
 18446 | D:15     | Noticed Rupert
 18456 | D:15     | Killed Rupert
 18481 | D:15     | Identified the +1 dagger "Waovi" {vorpal, Contam rCorr
                  | Dex+2 Stlth+}
 18490 | D:15     | 18490 ||| INVOKING Finesse.
 18491 | D:15     | 18491 ||| INVOKING Heroism.
 18492 | D:15     | 18492 ||| SWAPPING to +2 war axe of flaming.
 18499 | D:15     | 18499 ||| SWAPPING to +6 vampiric war axe.
 18511 | D:15     | 18511 ||| Stepping ~*~*~tactically~*~*~ (stealth).
 18547 | D:15     | Found a transporter.
 18556 | D:15     | Identified the +4 war axe of Caaptuat {vorpal, *Rage rF++
                  | Int+2}
 18558 | D:15     | 18558 ||| DROPPING +4 war axe of Caaptuat {vorpal, *Rage
                  | rF++ Int+2}.
 18569 | D:15     | 18569 ||| INVOKING Heroism.
 18581 | D:15     | Paralysed by a floating eye for 4 turns
 18603 | D:15     | Identified the ring "Jizxasao" {rPois rF++ rCorr MP+9
                  | Dex-4}
 18627 | D:15     | 18627 ||| Stepping ~*~*~tactically~*~*~ (hiding).
 18633 | D:15     | 18633 ||| Stepping ~*~*~tactically~*~*~ (hiding).
 18788 | D:15     | Found a staircase to the Depths.
 18789 | D:15     | 18789 ||| INVOKING Heroism.
 18790 | D:15     | 18790 ||| INVOKING Finesse.
 18859 | D:15     | Reached XP level 16. HP: 104/104 MP: 23/23
 18876 | D:15     | Noticed Kirke
 18878 | D:15     | 18878 ||| INVOKING Heroism.
 18879 | D:15     | 18879 ||| INVOKING Finesse.
 18881 | D:15     | Paralysed by a floating eye for 2 turns
 18892 | D:15     | Killed Kirke
 18893 | D:15     | Reached skill level 6 in Throwing
 18948 | D:15     | 18948 ||| Stepping ~*~*~tactically~*~*~ (hiding).
 19010 | D:15     | 19010 ||| INVOKING Heroism.
 19011 | D:15     | 19011 ||| INVOKING Finesse.
 19094 | D:15     | 19094 ||| INVOKING Heroism.
 19095 | D:15     | 19095 ||| INVOKING Finesse.
 19097 | D:15     | 19097 ||| Stepping ~*~*~tactically~*~*~ (hiding).
 19155 | D:15     | 19155 ||| INVOKING Heroism.
 19156 | D:15     | 19156 ||| SWAPPING to +2 war axe of flaming.
 19160 | D:15     | 19160 ||| SWAPPING to +6 vampiric war axe.
 19185 | D:15     | 19185 ||| SWAPPING to +2 war axe of flaming.
 19192 | D:15     | Reached skill level 12 in Armour
 19192 | D:15     | 19192 ||| SWAPPING to +6 vampiric war axe.
 19213 | D:15     | Noticed Azrael
 19214 | D:15     | 19214 ||| INVOKING Heroism.
 19215 | D:15     | 19215 ||| INVOKING Finesse.
 19236 | D:15     | Killed Azrael
 19276 | D:15     | Identified the ring of Mypomiq {rPois Stlth+}
 19289 | D:15     | 19289 ||| INVOKING Heroism.
 19290 | D:15     | 19290 ||| SWAPPING to +2 war axe of flaming.
 19291 | D:15     | 19291 ||| SWAPPING to +6 vampiric war axe.
 19292 | D:15     | 19292 ||| INVOKING Finesse.
 19293 | D:15     | 19293 ||| SWAPPING to +2 war axe of flaming.
 19298 | D:15     | 19298 ||| SWAPPING to +6 vampiric war axe.
 19345 | D:15     | Identified the +7 scimitar of the Solstice {freeze, *Slow
                  | rF- Str+8 Stlth+}
 19353 | D:15     | Found Giciahio's Book Emporium.
 19385 | D:15     | 19385 ||| Stepping ~*~*~tactically~*~*~ (stealth).
 19387 | D:15     | 19387 ||| INVOKING Heroism.
 19389 | D:15     | Identified the +9 war axe of the Desert {vamp, Int+3 Dex+5}
                  | (Okawaru gifted it to you on level 15 of the Dungeon)
 19389 | D:15     | Received a gift from Okawaru
 19401 | D:15     | 19401 ||| SWAPPING to +9 war axe of the Desert {vamp, Int+3
                  | Dex+5}.
 19402 | D:15     | 19402 ||| DROPPING +6 vampiric war axe.
 19405 | D:15     | Found a transporter.
 19441 | D:15     | 19441 ||| INVOKING Heroism.
 19463 | D:15     | Identified the ring "Zepnivya" {Ice Int+4}
 19480 | D:15     | Reached skill level 6 in Dodging
 19498 | D:15     | Found Winepn's Jewellery Shop.
 19512 | D:15     | 19512 ||| BUYING ring "Xohi Iri" {rF+ Will+} (752 gold).
 19512 | D:15     | Bought the ring "Xohi Iri" {rF+ Will+} for 752 gold pieces
 19512 | D:15     | 19512 ||| SHOPLISTING ring of Tucosh {EV+4 Int+4 SInv}
                  | (1112 gold, have 800).
 19526 | D:15     | 19526 ||| INVOKING Heroism.
 19527 | D:15     | 19527 ||| SWAPPING to +2 war axe of flaming.
 19531 | D:15     | 19531 ||| SWAPPING to +9 war axe of the Desert {vamp, Int+3
                  | Dex+5}.
 19608 | D:15     | Found Hidiphad's Antique Weapon Emporium.
 19720 | D:15     | 19720 ||| PLANNING ORC
 19720 | D:15     | 19720 ||| DROPPING ring of fire.
 19721 | D:15     | 19721 ||| DROPPING ring of magical power.
 19722 | D:15     | 19722 ||| DROPPING ring "Zepnivya" {Ice Int+4}.
 19723 | D:15     | 19723 ||| DROPPING ring of Mypomiq {rPois Stlth+}.
 19724 | D:15     | 19724 ||| UPGRADING to ring "Xohi Iri" {rF+ Will+}.
 19813 | Orc:1    | Entered Level 1 of the Orcish Mines
 19816 | Orc:1    | 19816 ||| INVOKING Heroism.
 19883 | Orc:1    | 19883 ||| INVOKING Heroism.
 19942 | Orc:1    | 19942 ||| Stepping ~*~*~tactically~*~*~ (stealth).
 20172 | Orc:2    | Entered Level 2 of the Orcish Mines
 20178 | Orc:2    | 20178 ||| Stepping ~*~*~tactically~*~*~ (hiding).
 20180 | Orc:2    | 20180 ||| Stepping ~*~*~tactically~*~*~ (hiding).
 20181 | Orc:2    | 20181 ||| INVOKING Heroism.
 20186 | Orc:2    | 20186 ||| Stepping ~*~*~tactically~*~*~ (hiding).
 20187 | Orc:2    | 20187 ||| Stepping ~*~*~tactically~*~*~ (hiding).
 20245 | Orc:2    | Found Dyqi's Antique Weapon Boutique.
 20255 | Orc:2    | 20255 ||| Stepping ~*~*~tactically~*~*~ (hiding).
 20290 | Orc:2    | Found Apyiblap's Distillery.
 20290 | Orc:2    | Found Liorgh's General Store.
 20290 | Orc:2    | Found Qezov's General Store.
 20291 | Orc:2    | 20291 ||| INVOKING Heroism.
 20301 | Orc:2    | 20301 ||| Stepping ~*~*~tactically~*~*~ (hiding).
 20303 | Orc:2    | 20303 ||| Stepping ~*~*~tactically~*~*~ (hiding).
 20304 | Orc:2    | 20304 ||| Stepping ~*~*~tactically~*~*~ (hiding).
 20328 | Orc:2    | 20328 ||| Stepping ~*~*~tactically~*~*~ (stealth).
 20330 | Orc:2    | 20330 ||| Stepping ~*~*~tactically~*~*~ (hiding).
 20335 | Orc:2    | 20335 ||| INVOKING Heroism.
 20379 | Orc:2    | 20379 ||| BUYING potion of attraction (42 gold).
 20379 | Orc:2    | Bought a potion of attraction for 42 gold pieces
 20379 | Orc:2    | 20379 ||| BUYING potion of curing (42 gold).
 20379 | Orc:2    | Bought a potion of curing for 42 gold pieces
 20379 | Orc:2    | 20379 ||| BUYING potion of curing (42 gold).
 20379 | Orc:2    | Bought a potion of curing for 42 gold pieces
 20379 | Orc:2    | 20379 ||| BUYING potion of magic (112 gold).
 20379 | Orc:2    | Bought a potion of magic for 112 gold pieces
 20379 | Orc:2    | 20379 ||| BUYING potion of mutation (112 gold).
 20379 | Orc:2    | Bought a potion of mutation for 112 gold pieces
 20379 | Orc:2    | 20379 ||| BUYING potion of mutation (112 gold).
 20379 | Orc:2    | Bought a potion of mutation for 112 gold pieces
 20380 | Orc:2    | 20380 ||| BUYING 2 potions of curing (66 gold).
 20380 | Orc:2    | Bought 2 potions of curing for 66 gold pieces
 20380 | Orc:2    | 20380 ||| BUYING 2 potions of mutation (176 gold).
 20380 | Orc:2    | Bought 2 potions of mutation for 176 gold pieces
 20382 | Orc:2    | 20382 ||| BUYING potion of magic (96 gold).
 20382 | Orc:2    | Bought a potion of magic for 96 gold pieces
 20448 | Orc:2    | Found a staircase to the Elven Halls.
 20455 | Orc:2    | 20455 ||| Stepping ~*~*~tactically~*~*~ (stealth).
 20513 | Orc:2    | Received a gift from Okawaru
 20659 | Orc:2    | 20659 ||| Stepping ~*~*~tactically~*~*~ (hiding).
 20661 | Orc:2    | Found a large runed translucent door.
 20766 | Orc:2    | Found a large runed translucent door.
 20769 | Orc:2    | Noticed qw's ghost (journeyman GrBe)
 20920 | Orc:1    | Noticed Maurice
 20924 | Orc:1    | 20924 ||| INVOKING Heroism.
 20926 | Orc:1    | Killed Maurice
 21006 | Orc:1    | 21006 ||| UPGRADING to +2 cloak.
 21193 | Orc:1    | 21193 ||| PLANNING SNAKE:1-3
 21391 | Snake:1  | Entered Level 1 of the Snake Pit
 21392 | Snake:1  | 21392 ||| INVOKING Heroism.
 21464 | Snake:1  | 21464 ||| INVOKING Heroism.
 21483 | Snake:1  | Found a transporter.
 21483 | Snake:1  | Found a transporter.
 21490 | Snake:1  | 21490 ||| Stepping ~*~*~tactically~*~*~ (stealth).
 21549 | Snake:1  | Reached XP level 17. HP: 111/111 MP: 21/24
 21604 | Snake:1  | 21604 ||| Stepping ~*~*~tactically~*~*~ (stealth).
 21606 | Snake:1  | 21606 ||| Stepping ~*~*~tactically~*~*~ (hiding).
 21615 | Snake:1  | Received a gift from Okawaru
 21629 | Snake:1  | 21629 ||| INVOKING Heroism.
 21668 | Snake:1  | Found a transporter.
 21669 | Snake:1  | Found a transporter.
 21689 | Snake:1  | Found a transporter.
 21697 | Snake:1  | Found a transporter.
 21700 | Snake:1  | 21700 ||| Stepping ~*~*~tactically~*~*~ (hiding).
 21702 | Snake:1  | 21702 ||| Stepping ~*~*~tactically~*~*~ (hiding).
 21704 | Snake:1  | 21704 ||| Stepping ~*~*~tactically~*~*~ (hiding).
 21897 | Snake:1  | 21897 ||| Stepping ~*~*~tactically~*~*~ (hiding).
 22062 | Snake:1  | 22062 ||| DROPPING scarf of shadows.
 22063 | Snake:1  | 22063 ||| DRINKING 2 fizzy orange potions.
 22083 | Snake:2  | 22083 ||| STAIRDANCE
 22089 | Snake:2  | 22089 ||| INVOKING Heroism.
 22094 | Snake:2  | 22094 ||| STAIRDANCE
 22135 | Snake:2  | 22135 ||| Stepping ~*~*~tactically~*~*~ (hiding).
 22143 | Snake:2  | 22143 ||| INVOKING Heroism.
 22152 | Snake:2  | Identified the +1 buckler of Fidaaco {rPois rF- rCorr}
                  | (Okawaru gifted it to you on level 2 of the Snake Pit)
 22152 | Snake:2  | Received a gift from Okawaru
 22162 | Snake:2  | Noticed qw's ghost (adept MiBe)
 22165 | Snake:2  | Found a bloodstained altar of Trog.
 22172 | Snake:2  | Found a transporter.
 22181 | Snake:2  | Found a transporter.
 22246 | Snake:2  | Reached skill level 15 in Fighting
 22269 | Snake:2  | 22269 ||| Stepping ~*~*~tactically~*~*~ (hiding).
 22427 | Snake:2  | 22427 ||| Stepping ~*~*~tactically~*~*~ (hiding).
 22428 | Snake:2  | 22428 ||| Stepping ~*~*~tactically~*~*~ (hiding).
 22429 | Snake:2  | 22429 ||| Stepping ~*~*~tactically~*~*~ (hiding).
 22613 | Snake:2  | 22613 ||| Stepping ~*~*~tactically~*~*~ (hiding).
 22617 | Snake:2  | 22617 ||| INVOKING Heroism.
 22636 | Snake:2  | 22636 ||| Stepping ~*~*~tactically~*~*~ (hiding).
 22829 | Snake:2  | Found Ofruog's Antique Weapon Boutique.
 22833 | Snake:2  | Found Ugron's Magic Scroll Boutique.
 22843 | Snake:2  | 22843 ||| INVOKING Heroism.
 23061 | Snake:3  | 23061 ||| INVOKING Heroism.
 23146 | Snake:3  | 23146 ||| INVOKING Heroism.
 23181 | Snake:3  | 23181 ||| INVOKING Heroism.
 23225 | Snake:3  | 23225 ||| Stepping ~*~*~tactically~*~*~ (hiding).
 23366 | Snake:3  | 23366 ||| Stepping ~*~*~tactically~*~*~ (hiding).
 23428 | Snake:3  | 23428 ||| INVOKING Heroism.
 23593 | Snake:3  | 23593 ||| Stepping ~*~*~tactically~*~*~ (hiding).
 23603 | Snake:3  | 23603 ||| INVOKING Heroism.
 23612 | Snake:3  | Reached skill level 15 in Shields
 23649 | Snake:3  | 23649 ||| INVOKING Heroism.
 23768 | Snake:3  | 23768 ||| PLANNING SHOALS:1-3
 23860 | Shoals:1 | Entered Level 1 of the Shoals
 23886 | Shoals:1 | 23886 ||| Stepping ~*~*~tactically~*~*~ (hiding).
 24113 | Shoals:1 | 24113 ||| INVOKING Heroism.
 24119 | Shoals:1 | Received a gift from Okawaru
 24178 | Shoals:1 | 24178 ||| INVOKING Heroism.
 24256 | Shoals:1 | 24256 ||| INVOKING Heroism.
 24257 | Shoals:1 | 24257 ||| INVOKING Finesse.
 24396 | Shoals:1 | 24396 ||| INVOKING Heroism.
 24397 | Shoals:1 | 24397 ||| INVOKING Finesse.
 24397 | Shoals:1 | Found Rycsic's Visitors' Centre.
 24397 | Shoals:1 | Found Rycsic's Merfolk Magic.
 24409 | Shoals:1 | Found Rycsic's Merfolk Armours.
 24409 | Shoals:1 | Found Rycsic's Merfolk Weapons.
 24449 | Shoals:1 | 24449 ||| BUYING amulet of reflection (510 gold).
 24449 | Shoals:1 | Bought an amulet of reflection for 510 gold pieces
 24449 | Shoals:1 | 24449 ||| BUYING ring "Arhuheat" {rPois Str+3 Int-5 SInv}
                  | (374 gold).
 24449 | Shoals:1 | Bought the ring "Arhuheat" {rPois Str+3 Int-5 SInv} for 374
                  | gold pieces
 24454 | Shoals:1 | 24454 ||| SHOPLISTING scroll of teleportation (300 gold,
                  | have 269).
 24482 | Shoals:1 | Found a runed translucent door.
 24487 | Shoals:1 | Noticed Woutahasch's ghost (journeyman HOFi)
 24567 | Shoals:1 | 24567 ||| INVOKING Heroism.
 24574 | Shoals:1 | Reached XP level 18. HP: 120/120 MP: 23/25
 24586 | Shoals:1 | 24586 ||| DROPPING +2 war axe of flaming.
 24628 | Shoals:1 | 24628 ||| READING scroll of enchant armour.
 24628 | Shoals:1 | 24628 ||| ENCHANTING +1 pair of boots.
 24633 | Shoals:1 | Identified the +1 cloak of Inquiry {rN+ Str+3}
 24810 | Shoals:1 | 24810 ||| UPGRADING to +1 cloak of Inquiry {rN+ Str+3}.
 24820 | Shoals:1 | 24820 ||| DROPPING +2 cloak.
 24821 | Shoals:1 | 24821 ||| UPGRADING to amulet of reflection.
 24831 | Shoals:1 | 24831 ||| DROPPING amulet of regeneration.
 24868 | Shoals:2 | 24868 ||| INVOKING Heroism.
 24869 | Shoals:2 | 24869 ||| INVOKING Finesse.
 25053 | Shoals:2 | 25053 ||| INVOKING Heroism.
 25105 | Shoals:2 | 25105 ||| INVOKING Heroism.
 25106 | Shoals:2 | Received a gift from Okawaru
 25214 | Shoals:2 | 25214 ||| INVOKING Heroism.
 25216 | Shoals:2 | Reached skill level 9 in Throwing
 25391 | Shoals:2 | 25391 ||| INVOKING Heroism.
 25462 | Shoals:2 | 25462 ||| Stepping ~*~*~tactically~*~*~ (hiding).
 25464 | Shoals:2 | 25464 ||| Stepping ~*~*~tactically~*~*~ (hiding).
 25468 | Shoals:2 | 25468 ||| INVOKING Heroism.
 25497 | Shoals:2 | Found a gateway to a bazaar.
 25708 | Shoals:3 | 25708 ||| INVOKING Heroism.
 25709 | Shoals:3 | 25709 ||| INVOKING Finesse.
 25779 | Shoals:3 | 25779 ||| INVOKING Heroism.
 25785 | Shoals:3 | Received a gift from Okawaru
 25931 | Shoals:3 | 25931 ||| INVOKING Heroism.
 25932 | Shoals:3 | 25932 ||| INVOKING Finesse.
 26011 | Shoals:3 | 26011 ||| Stepping ~*~*~tactically~*~*~ (hiding).
 26013 | Shoals:3 | 26013 ||| Stepping ~*~*~tactically~*~*~ (hiding).
 26031 | Shoals:3 | 26031 ||| Stepping ~*~*~tactically~*~*~ (stealth).
 26161 | Shoals:3 | 26161 ||| INVOKING Heroism.
 26167 | Shoals:3 | Reached skill level 15 in Armour
 26199 | Shoals:3 | 26199 ||| INVOKING Heroism.
 26268 | Shoals:3 | 26268 ||| Stepping ~*~*~tactically~*~*~ (hiding).
 26269 | Shoals:3 | 26269 ||| Stepping ~*~*~tactically~*~*~ (hiding).
 26474 | Shoals:3 | Found a runed translucent door.
 26475 | Shoals:3 | Found a shimmering altar of Xom.
 26475 | Shoals:3 | Noticed qw's ghost (journeyman MiBe)
 26747 | Shoals:3 | 26747 ||| PLANNING SNAKE:4
 26904 | Snake:4  | Entered Level 4 of the Snake Pit
 26931 | Snake:4  | 26931 ||| INVOKING Heroism.
 27007 | Snake:4  | 27007 ||| Stepping ~*~*~tactically~*~*~ (hiding).
 27009 | Snake:4  | 27009 ||| Stepping ~*~*~tactically~*~*~ (hiding).
 27016 | Snake:4  | 27016 ||| INVOKING Heroism.
 27024 | Snake:4  | 27024 ||| Stepping ~*~*~tactically~*~*~ (hiding).
 27028 | Snake:4  | 27028 ||| Stepping ~*~*~tactically~*~*~ (hiding).
 27089 | Snake:4  | 27089 ||| INVOKING Heroism.
 27113 | Snake:4  | 27113 ||| Stepping ~*~*~tactically~*~*~ (hiding).
 27119 | Snake:4  | Identified the +1 flail "Esuguihy" {vorpal, SInv} (Okawaru
                  | gifted it to you on level 4 of the Snake Pit)
 27119 | Snake:4  | Received a gift from Okawaru
 27120 | Snake:4  | 27120 ||| Stepping ~*~*~tactically~*~*~ (hiding).
 27125 | Snake:4  | Reached ****** piety under Okawaru
 27128 | Snake:4  | 27128 ||| INVOKING Heroism.
 27187 | Snake:4  | 27187 ||| INVOKING Heroism.
 27320 | Snake:4  | 27320 ||| INVOKING Heroism.
 27360 | Snake:4  | Reached skill level 9 in Dodging
 27371 | Snake:4  | Reached XP level 19. HP: 128/128 MP: 26/26
 27397 | Snake:4  | Got a serpentine rune of Zot
 27596 | Snake:4  | 27596 ||| INVOKING Heroism.
 27668 | Snake:4  | Found Zenug's Firing Range.
 27811 | Snake:4  | 27811 ||| PLANNING VAULTS:1-4
 27811 | Snake:4  | 27811 ||| DROPPING +0 kite shield of cold resistance.
 27812 | Snake:4  | 27812 ||| UPGRADING to +0 tower shield.
 27822 | Snake:4  | 27822 ||| DROPPING +2 kite shield.
 28105 | Vaults:1 | Entered Level 1 of the Vaults
 28106 | Vaults:1 | 28106 ||| PLANNING DESOLATION
 28118 | Vaults:1 | Received a gift from Okawaru
 28342 | Vaults:1 | 28342 ||| Stepping ~*~*~tactically~*~*~ (hiding).
 28345 | Vaults:1 | 28345 ||| Stepping ~*~*~tactically~*~*~ (hiding).
 28363 | Vaults:1 | 28363 ||| UPGRADING to +0 tower shield of protection.
 28373 | Vaults:1 | 28373 ||| DROPPING +0 tower shield.
 28383 | Vaults:1 | 28383 ||| Stepping ~*~*~tactically~*~*~ (hiding).
 28440 | Vaults:1 | 28440 ||| Stepping ~*~*~tactically~*~*~ (hiding).
 28445 | Vaults:1 | 28445 ||| INVOKING Heroism.
 28450 | Vaults:1 | 28450 ||| Stepping ~*~*~tactically~*~*~ (hiding).
 28510 | Vaults:1 | Found a glowing golden altar of the Shining One.
 28511 | Vaults:1 | Found a glowing silver altar of Zin.
 28512 | Vaults:1 | Found a crumbling gateway.
 28513 | Vaults:1 | 28513 ||| READING 18 scrolls of teleportation.
 28521 | Vaults:1 | 28521 ||| READING 17 scrolls of teleportation.
 28529 | Vaults:1 | 28529 ||| INVOKING Heroism.
 28530 | Vaults:1 | 28530 ||| Stepping ~*~*~tactically~*~*~ (hiding).
 28582 | Vaults:1 | 28582 ||| INVOKING Heroism.
 28592 | Vaults:1 | 28592 ||| Stepping ~*~*~tactically~*~*~ (hiding).
 28804 | Vaults:1 | 28804 ||| Stepping ~*~*~tactically~*~*~ (hiding).
 28808 | Vaults:1 | 28808 ||| INVOKING Heroism.
 28826 | Vaults:1 | Reached skill level 18 in Shields
 28943 | Vaults:1 | 28943 ||| RIP DESOLATION
 28992 | Vaults:1 | Found a white marble altar of Elyvilon.
 28993 | Vaults:1 | 28993 ||| PLANNING VAULTS:1-4
 29039 | Vaults:1 | 29039 ||| Stepping ~*~*~tactically~*~*~ (hiding).
 29245 | Vaults:1 | 29245 ||| Stepping ~*~*~tactically~*~*~ (stealth).
 29261 | Vaults:1 | 29261 ||| Stepping ~*~*~tactically~*~*~ (stealth).
 29263 | Vaults:1 | 29263 ||| Stepping ~*~*~tactically~*~*~ (stealth).
 29266 | Vaults:1 | 29266 ||| Stepping ~*~*~tactically~*~*~ (stealth).
 29389 | Vaults:1 | Received a gift from Okawaru
 29432 | Vaults:1 | 29432 ||| Stepping ~*~*~tactically~*~*~ (hiding).
 29450 | Vaults:1 | 29450 ||| Stepping ~*~*~tactically~*~*~ (stealth).
 29665 | Vaults:1 | 29665 ||| DROPPING +1 pair of gloves.
 29697 | Vaults:2 | 29697 ||| INVOKING Heroism.
 29715 | Vaults:2 | 29715 ||| FLEEEEING.
 29716 | Vaults:2 | 29716 ||| FLEEEEING.
 29718 | Vaults:2 | 29718 ||| FLEEEEING.
 29719 | Vaults:2 | 29719 ||| FLEEEEING.
 29720 | Vaults:2 | 29720 ||| STAIRDANCE
 29825 | Vaults:2 | 29825 ||| STAIRDANCE
 29837 | Vaults:2 | 29837 ||| STAIRDANCE
 29857 | Vaults:2 | 29857 ||| STAIRDANCE
 29879 | Vaults:2 | 29879 ||| STAIRDANCE
 29972 | Vaults:2 | 29972 ||| INVOKING Heroism.
 30056 | Vaults:2 | 30056 ||| INVOKING Heroism.
 30059 | Vaults:2 | 30059 ||| INVOKING Finesse.
 30150 | Vaults:2 | Found a staircase to the Crypt.
 30175 | Vaults:2 | 30175 ||| INVOKING Heroism.
 30176 | Vaults:2 | 30176 ||| INVOKING Finesse.
 30197 | Vaults:2 | Reached XP level 20. HP: 134/134 MP: 21/27
 30426 | Vaults:2 | Identified the +0 leather armour "Picokini" {rElec rF++}
 30455 | Vaults:2 | 30455 ||| FLEEEEING.
 30460 | Vaults:2 | 30460 ||| INVOKING Heroism.
 30493 | Vaults:2 | 30493 ||| Stepping ~*~*~tactically~*~*~ (hiding).
 30669 | Vaults:2 | 30669 ||| INVOKING Heroism.
 30696 | Vaults:2 | 30696 ||| INVOKING Heroism.
 31029 | Vaults:2 | Received a gift from Okawaru
 31041 | Vaults:2 | 31041 ||| INVOKING Heroism.
 31376 | Vaults:3 | 31376 ||| STAIRDANCE
 31390 | Vaults:3 | 31390 ||| STAIRDANCE
 31399 | Vaults:2 | Identified the +2 ring mail of Generosity {Will+ Int+4
                  | SInv} (Okawaru gifted it to you on level 2 of the Vaults)
 31399 | Vaults:2 | Received a gift from Okawaru
 31412 | Vaults:3 | 31412 ||| Stepping ~*~*~tactically~*~*~ (hiding).
 31435 | Vaults:3 | 31435 ||| Stepping ~*~*~tactically~*~*~ (hiding).
 31437 | Vaults:3 | 31437 ||| INVOKING Heroism.
 31490 | Vaults:3 | 31490 ||| INVOKING Heroism.
 31556 | Vaults:3 | 31556 ||| INVOKING Heroism.
 31582 | Vaults:3 | Reached skill level 18 in Fighting
 31620 | Vaults:3 | You are sucked into a shaft and drop 1 floor!
 31624 | Vaults:4 | 31624 ||| Stepping ~*~*~tactically~*~*~ (stealth).
 31628 | Vaults:4 | 31628 ||| INVOKING Heroism.
 31674 | Vaults:4 | 31674 ||| INVOKING Heroism.
 31681 | Vaults:4 | 31681 ||| Stepping ~*~*~tactically~*~*~ (hiding).
 31682 | Vaults:4 | 31682 ||| Stepping ~*~*~tactically~*~*~ (hiding).
 31710 | Vaults:4 | 31710 ||| Stepping ~*~*~tactically~*~*~ (hiding).
 31718 | Vaults:4 | Noticed Jory
 31722 | Vaults:4 | 31722 ||| INVOKING Finesse.
 31724 | Vaults:4 | 31724 ||| INVOKING Heroism.
 31739 | Vaults:4 | Killed Jory
 31740 | Vaults:4 | Received a gift from Okawaru
 31748 | Vaults:4 | Received a gift from Okawaru
 31819 | Vaults:4 | 31819 ||| Stepping ~*~*~tactically~*~*~ (stealth).
 31820 | Vaults:4 | 31820 ||| Stepping ~*~*~tactically~*~*~ (stealth).
 31864 | Vaults:4 | 31864 ||| Stepping ~*~*~tactically~*~*~ (stealth).
 31888 | Vaults:4 | 31888 ||| Stepping ~*~*~tactically~*~*~ (stealth).
 31893 | Vaults:4 | 31893 ||| INVOKING Heroism.
 31894 | Vaults:4 | 31894 ||| Stepping ~*~*~tactically~*~*~ (hiding).
 31898 | Vaults:4 | 31898 ||| Stepping ~*~*~tactically~*~*~ (hiding).
 31899 | Vaults:4 | 31899 ||| Stepping ~*~*~tactically~*~*~ (hiding).
 31912 | Vaults:4 | Received a gift from Okawaru
 31928 | Vaults:4 | 31928 ||| INVOKING Heroism.
 32014 | Vaults:4 | 32014 ||| INVOKING Heroism.
 32015 | Vaults:4 | 32015 ||| INVOKING Finesse.
 32023 | Vaults:4 | Received a gift from Okawaru
 32141 | Vaults:4 | 32141 ||| INVOKING Heroism.
 32150 | Vaults:4 | Received a gift from Okawaru
 32152 | Vaults:4 | Reached XP level 21. HP: 110/142 MP: 26/28
 32183 | Vaults:4 | 32183 ||| DROPPING +3 broad axe of flaming.
 32274 | Vaults:3 | Identified the +0 chain mail of the Trilobite {Int+3}
 32308 | Vaults:3 | Noticed Asterion
 32309 | Vaults:3 | 32309 ||| INVOKING Heroism.
 32310 | Vaults:3 | 32310 ||| INVOKING Finesse.
 32331 | Vaults:3 | Killed Asterion
 32410 | Vaults:3 | 32410 ||| Stepping ~*~*~tactically~*~*~ (stealth).
 32413 | Vaults:3 | 32413 ||| Stepping ~*~*~tactically~*~*~ (stealth).
 32415 | Vaults:3 | 32415 ||| Stepping ~*~*~tactically~*~*~ (hiding).
 32418 | Vaults:3 | 32418 ||| Stepping ~*~*~tactically~*~*~ (hiding).
 32420 | Vaults:3 | 32420 ||| INVOKING Heroism.
 32586 | Vaults:3 | Found a transporter.
 32595 | Vaults:3 | Found a transporter.
 32731 | Vaults:3 | Identified the +7 hand axe "Ruroih" {vorpal, Will+ Str+3}
 32969 | Vaults:3 | 32969 ||| Stepping ~*~*~tactically~*~*~ (hiding).
 32975 | Vaults:3 | 32975 ||| Stepping ~*~*~tactically~*~*~ (hiding).
 33103 | Vaults:3 | 33103 ||| Stepping ~*~*~tactically~*~*~ (hiding).
 33285 | Vaults:3 | Noticed Xtahua
 33286 | Vaults:3 | 33286 ||| Stepping ~*~*~tactically~*~*~ (hiding).
 33291 | Vaults:3 | 33291 ||| DRINKING 2 potions of resistance.
 33305 | Vaults:3 | Killed Xtahua
 33500 | Vaults:4 | 33500 ||| Stepping ~*~*~tactically~*~*~ (hiding).
 33504 | Vaults:4 | 33504 ||| Stepping ~*~*~tactically~*~*~ (hiding).
 33630 | Vaults:4 | 33630 ||| Stepping ~*~*~tactically~*~*~ (stealth).
 33731 | Vaults:4 | 33731 ||| Stepping ~*~*~tactically~*~*~ (hiding).
 33783 | Vaults:4 | 33783 ||| INVOKING Heroism.
 33961 | Vaults:4 | 33961 ||| INVOKING Heroism.
 33985 | Vaults:4 | 33985 ||| PLANNING SHOALS:4
 34315 | Shoals:4 | Entered Level 4 of the Shoals
 34316 | Shoals:4 | 34316 ||| STAIRDANCE
 34456 | Shoals:4 | Received a gift from Okawaru
 34482 | Shoals:4 | 34482 ||| INVOKING Heroism.
 34535 | Shoals:4 | 34535 ||| INVOKING Heroism.
 34597 | Shoals:4 | 34597 ||| Stepping ~*~*~tactically~*~*~ (hiding).
 34599 | Shoals:4 | 34599 ||| INVOKING Heroism.
 34601 | Shoals:4 | 34601 ||| INVOKING Finesse.
 34607 | Shoals:4 | Reached skill level 18 in Armour
 34621 | Shoals:4 | Received a gift from Okawaru
 34628 | Shoals:4 | 34628 ||| Stepping ~*~*~tactically~*~*~ (stealth).
 34651 | Shoals:4 | 34651 ||| INVOKING Heroism.
 34681 | Shoals:4 | 34681 ||| DROPPING +1 broad axe of venom.
 34724 | Shoals:4 | 34724 ||| INVOKING Heroism.
 34739 | Shoals:4 | 34739 ||| Stepping ~*~*~tactically~*~*~ (hiding).
 34740 | Shoals:4 | 34740 ||| Stepping ~*~*~tactically~*~*~ (hiding).
 34922 | Shoals:4 | 34922 ||| INVOKING Heroism.
 35003 | Shoals:4 | 35003 ||| INVOKING Heroism.
 35019 | Shoals:4 | Found Jany's Antique Armour Boutique.
 35138 | Shoals:4 | 35138 ||| Stepping ~*~*~tactically~*~*~ (stealth).
 35141 | Shoals:4 | 35141 ||| Stepping ~*~*~tactically~*~*~ (stealth).
 35160 | Shoals:4 | 35160 ||| Stepping ~*~*~tactically~*~*~ (hiding).
 35240 | Shoals:4 | 35240 ||| INVOKING Heroism.
 35279 | Shoals:4 | 35279 ||| Stepping ~*~*~tactically~*~*~ (stealth).
 35327 | Shoals:4 | 35327 ||| INVOKING Heroism.
 35345 | Shoals:4 | Identified the ring "Tecrilem" {rF+ Dex+2}
 35417 | Shoals:4 | Got a barnacled rune of Zot
 35438 | Shoals:4 | 35438 ||| Stepping ~*~*~tactically~*~*~ (stealth).
 35441 | Shoals:4 | 35441 ||| Stepping ~*~*~tactically~*~*~ (hiding).
 35449 | Shoals:4 | Received a gift from Okawaru
 35466 | Shoals:4 | 35466 ||| DROPPING +2 vorpal broad axe.
 35500 | Shoals:4 | 35500 ||| PLANNING DEPTHS
 35500 | Shoals:4 | 35500 ||| DROPPING +1 hat.
 35501 | Shoals:4 | 35501 ||| DROPPING ring of protection from fire.
 35502 | Shoals:4 | 35502 ||| DROPPING ring of willpower.
 35809 | Depths:1 | Entered Level 1 of the Depths
 35910 | Depths:1 | Found a hazy altar of Hepliaklqana.
 35911 | Depths:1 | 35911 ||| Stepping ~*~*~tactically~*~*~ (hiding).
 35912 | Depths:1 | 35912 ||| INVOKING Heroism.
 35977 | Depths:1 | 35977 ||| INVOKING Heroism.
 35986 | Depths:1 | Received a gift from Okawaru
 36029 | Depths:1 | 36029 ||| Stepping ~*~*~tactically~*~*~ (stealth).
 36030 | Depths:1 | 36030 ||| INVOKING Heroism.
 36031 | Depths:1 | 36031 ||| Stepping ~*~*~tactically~*~*~ (stealth).
 36034 | Depths:1 | 36034 ||| Stepping ~*~*~tactically~*~*~ (hiding).
 36059 | Depths:1 | Received a gift from Okawaru
 36071 | Depths:1 | 36071 ||| INVOKING Finesse.
 36097 | Depths:1 | 36097 ||| INVOKING Heroism.
 36124 | Depths:1 | Reached XP level 22. HP: 152/152 MP: 26/29
 36157 | Depths:1 | 36157 ||| Stepping ~*~*~tactically~*~*~ (hiding).
 36246 | Depths:1 | 36246 ||| Stepping ~*~*~tactically~*~*~ (stealth).
 36249 | Depths:1 | 36249 ||| INVOKING Heroism.
 36250 | Depths:1 | 36250 ||| INVOKING Finesse.
 36351 | Depths:1 | 36351 ||| Stepping ~*~*~tactically~*~*~ (stealth).
 36353 | Depths:1 | 36353 ||| INVOKING Heroism.
 36355 | Depths:1 | 36355 ||| Stepping ~*~*~tactically~*~*~ (stealth).
 36371 | Depths:1 | 36371 ||| INVOKING Finesse.
 36529 | Depths:1 | Found a gateway to Hell.
 36672 | Depths:1 | 36672 ||| Stepping ~*~*~tactically~*~*~ (hiding).
 36673 | Depths:1 | 36673 ||| Stepping ~*~*~tactically~*~*~ (hiding).
 36676 | Depths:1 | 36676 ||| Stepping ~*~*~tactically~*~*~ (hiding).
 36677 | Depths:1 | 36677 ||| Stepping ~*~*~tactically~*~*~ (hiding).
 37133 | Depths:2 | 37133 ||| STAIRDANCE
 37143 | Depths:2 | 37143 ||| Stepping ~*~*~tactically~*~*~ (hiding).
 37242 | Depths:2 | 37242 ||| INVOKING Heroism.
 37243 | Depths:2 | 37243 ||| INVOKING Finesse.
 37298 | Depths:2 | Found a bloodstained altar of Trog.
 37306 | Depths:2 | Identified the +0 pair of boots of the Harvest {rC+}
                  | (Okawaru gifted it to you on level 2 of the Depths)
 37306 | Depths:2 | Received a gift from Okawaru
 37307 | Depths:2 | 37307 ||| Stepping ~*~*~tactically~*~*~ (stealth).
 37308 | Depths:2 | 37308 ||| Stepping ~*~*~tactically~*~*~ (stealth).
 37337 | Depths:2 | 37337 ||| INVOKING Heroism.
 37338 | Depths:2 | 37338 ||| INVOKING Finesse.
 37377 | Depths:2 | 37377 ||| Stepping ~*~*~tactically~*~*~ (hiding).
 37481 | Depths:2 | Found a one-way gate leading to the halls of Pandemonium.
 37482 | Depths:2 | 37482 ||| INVOKING Heroism.
 37527 | Depths:2 | 37527 ||| INVOKING Finesse.
 37536 | Depths:2 | 37536 ||| INVOKING Heroism.
 37601 | Depths:2 | Found Yselaqoc's Jewellery Shoppe.
 37602 | Depths:2 | Found Moetef's Book Boutique.
 37602 | Depths:2 | Found Viugaig's Book Boutique.
 37610 | Depths:2 | 37610 ||| BUYING ring of the Cockatrice {Fire *Corrode
                  | Will- Dex+9 SInv} (815 gold).
 37610 | Depths:2 | Bought the ring of the Cockatrice {Fire *Corrode Will-
                  | Dex+9 SInv} for 815 gold pieces
 37645 | Depths:2 | 37645 ||| INVOKING Heroism.
 37908 | Depths:2 | 37908 ||| READING 27 scrolls of teleportation.
 37908 | Depths:2 | Noticed a juggernaut
 37912 | Depths:2 | 37912 ||| INVOKING Heroism.
 37931 | Depths:2 | 37931 ||| INVOKING Finesse.
 37948 | Depths:2 | Killed a juggernaut
 37981 | Depths:2 | 37981 ||| INVOKING Heroism.
 37983 | Depths:2 | Reached skill level 21 in Shields
 37984 | Depths:2 | 37984 ||| Stepping ~*~*~tactically~*~*~ (stealth).
 37991 | Depths:2 | 37991 ||| Stepping ~*~*~tactically~*~*~ (stealth).
 37992 | Depths:2 | 37992 ||| READING 26 scrolls of teleportation.
 38083 | Depths:2 | Identified the +5 morningstar "Killer Bee's Foe" {vorpal,
                  | rF+}
 38169 | Depths:3 | 38169 ||| INVOKING Heroism.
 38216 | Depths:3 | 38216 ||| INVOKING Finesse.
 38319 | Depths:3 | 38319 ||| INVOKING Heroism.
 38357 | Depths:3 | 38357 ||| INVOKING Heroism.
 38362 | Depths:3 | 38362 ||| Stepping ~*~*~tactically~*~*~ (hiding).
 38438 | Depths:3 | 38438 ||| Stepping ~*~*~tactically~*~*~ (hiding).
 38443 | Depths:3 | 38443 ||| INVOKING Heroism.
 38726 | Depths:3 | Found a one-way gate to the infinite horrors of the Abyss.
 38799 | Depths:3 | Found an ornate altar of the Wu Jian Council.
 38888 | Depths:3 | 38888 ||| Stepping ~*~*~tactically~*~*~ (hiding).
 38889 | Depths:3 | 38889 ||| Stepping ~*~*~tactically~*~*~ (hiding).
 38892 | Depths:3 | 38892 ||| INVOKING Heroism.
 38999 | Depths:3 | Noticed a juggernaut
 39007 | Depths:3 | 39007 ||| INVOKING Heroism.
 39008 | Depths:3 | 39008 ||| INVOKING Finesse.
 39014 | Depths:3 | Received a gift from Okawaru
 39074 | Depths:3 | 39074 ||| INVOKING Heroism.
 39079 | Depths:3 | Reached skill level 21 in Fighting
 39099 | Depths:3 | 39099 ||| INVOKING Heroism.
 39103 | Depths:3 | 39103 ||| INVOKING Finesse.
 39113 | Depths:3 | Killed a juggernaut
 39113 | Depths:3 | Received a gift from Okawaru
 39412 | Depths:3 | 39412 ||| INVOKING Heroism.
 39422 | Depths:3 | Gained mutation: You are dopey. (Int -2) [a cacodemon]
 39478 | Depths:4 | Entered Level 4 of the Depths
 39479 | Depths:4 | 39479 ||| INVOKING Heroism.
 39480 | Depths:4 | 39480 ||| STAIRDANCE
 39492 | Depths:4 | 39492 ||| STAIRDANCE
 39492 | Depths:4 | Noticed a golden dragon
 39503 | Depths:4 | 39503 ||| STAIRDANCE
 39509 | Depths:3 | Received a gift from Okawaru
 39532 | Depths:4 | Killed a golden dragon
 39533 | Depths:4 | Reached skill level 12 in Throwing
 39536 | Depths:4 | Reached XP level 23. HP: 137/160 MP: 30/30
 39539 | Depths:4 | 39539 ||| INVOKING Heroism.
 39608 | Depths:4 | 39608 ||| INVOKING Heroism.
 39642 | Depths:4 | 39642 ||| READING 26 scrolls of teleportation.
 39646 | Depths:4 | 39646 ||| DRINKING 25 potions of curing.
 39646 | Depths:4 | 39646 ||| (to cure confusion)
 39648 | Depths:4 | 39648 ||| INVOKING Heroism.
 39667 | Depths:4 | 39667 ||| Stepping ~*~*~tactically~*~*~ (hiding).
 39715 | Depths:4 | 39715 ||| Stepping ~*~*~tactically~*~*~ (stealth).
 39716 | Depths:4 | 39716 ||| Stepping ~*~*~tactically~*~*~ (stealth).
 39717 | Depths:4 | 39717 ||| Stepping ~*~*~tactically~*~*~ (stealth).
 39719 | Depths:4 | 39719 ||| Stepping ~*~*~tactically~*~*~ (stealth).
 39720 | Depths:4 | 39720 ||| Stepping ~*~*~tactically~*~*~ (stealth).
 39757 | Depths:4 | Found Offod's Weapon Boutique.
 39757 | Depths:4 | Found Yrchem's Armour Shop.
 39789 | Depths:4 | 39789 ||| INVOKING Heroism.
 39790 | Depths:4 | 39790 ||| INVOKING Finesse.
 39813 | Depths:4 | Found a one-way gateway to a ziggurat.
 39813 | Depths:4 | Noticed a dread lich
 39813 | Depths:4 | Noticed an ancient lich
 39837 | Depths:4 | 39837 ||| FLEEEEING.
 39938 | Depths:4 | 39938 ||| INVOKING Heroism.
 39939 | Depths:4 | 39939 ||| INVOKING Finesse.
 39941 | Depths:4 | 39941 ||| FLEEEEING.
 39942 | Depths:4 | 39942 ||| FLEEEEING.
 39942 | Depths:4 | HP: 32/160 [hellion/damnation[a dread lich] (31)]
 39943 | Depths:4 | 39943 ||| FLEEEEING.
 39944 | Depths:4 | 39944 ||| FLEEEEING.
 39945 | Depths:4 | 39945 ||| FLEEEEING.
 39946 | Depths:4 | 39946 ||| FLEEEEING.
 39946 | Depths:4 | Killed from afar by a hellion

Levels and vault maps discovered:
D:1:      lightli_arrival_statue_moat, layout_loops_corners,
          hellmonk_ecumenical_altar_lost_god
D:2:      layout_loops_ring, eino_tiny_chamber, uniq_sigmund, uniq_terence
D:3:      minmay_skewed_foursquare, layout_loops_ring,
          biasface_ghost_orc_armoury, portal_sewer_entry_f
D:4:      layout_basic, lemuel_flame_loot_1
D:5:      layout_basic, minmay_temple_entry_proselytizer, kennysheep_boxes
D:6:      layout_loops_ring, serial_shops, nicolae_shop_overgrown_old_shop,
          ebering_ghost_reflecting_pool, corexii_shack
D:7:      layout_cave_pools, nicolae_overflow_two_pavilions, serial_shops, shop
D:8:      layout_basic, david_lair_generic, nicolae_titane
D:9:      layout_roguey, ebering_ghost_funeral_grove
D:10:     layout_basic, enter_bailey_4, chequers_serial_rivers_small_a,
          grunt_ministairs_1, kennysheep_island_fort, uniq_psyche
D:11:     layout_loops_ring, grunt_ministairs_2, nicolae_figureground_pulse
D:12:     layout_big_octagon, orc_0_dummy, nicolae_ashenzari_panopticon
D:13:     layout_roguey, erik_vaults_2, portal_ice_cave_rime
D:14:     layout_loops_corners
D:15:     hangedman_spin_cycle, uniq_kirke, uniq_rupert
Temple:   mainiacjoe_temple_cubbyholes
Lair:1:   layout_concentric_octagons, beast_lair_carwin_4
Lair:2:   layout_long_grid, elwin_shoals_entry_rocks, dummy_snake_entry,
          gammafunk_ghost_necromancy, serial_rivers,
          chequers_serial_rivers_small_b, chequers_serial_rivers_large_b,
          chequers_serial_rivers_micro_e, chequers_serial_rivers_room_b,
          chequers_serial_rivers_micro_e, hangedman_tree_tricks, evilmike_ambush
          [evilmike_ambush_outer_basic, evilmike_ambush_inner_wall_2]
Lair:3:   layout_cave_pods, gauntlet_entry_generic
Lair:4:   layout_cave_pods
Lair:5:   grunt_lair_end_beastmaster, layout_loops_ring, slime_entry_1
Shoals:1: nicolae_shoals_mermall, layout_shoals, ebering_ghost_reflecting_pool,
          abandoned_shop
Shoals:2: layout_shoals, serial_shops, bzr_entry_islet,
          nicolae_shoals_dead_sea_scrolls
Shoals:3: nzn_motion_control, layout_shoals, ebering_ghost_xom
Shoals:4: shoals_end_hangedman, layout_shoals, serial_shops, shop
Snake:1:  layout_rooms, serial_nicolae_subway, nicolae_sub_station_metal,
          nicolae_sub_station_stone, nicolae_sub_station_crystal,
          lemuel_fruit_tree
Snake:2:  layout_gridlike, gammafunk_ghost_wrathful_warriors,
          grunt_megastairs_5, minmay_shop_star
Snake:3:  layout_rooms, serial_bayou_pond_b
Snake:4:  johnstein_snake_rune_scales, layout_rooms, nicolae_shop_firing_range
Orc:1:    layout_caves, rock_pile, uniq_maurice
Orc:2:    st_orc_rangers, layout_caves, ebering_ghost_disaster_area,
          statue_in_the_mist_lemuel
Vaults:1: portal_desolation_entry_holy_temple, v_alt_pattern_5,
          vaults_room_pool, grunt_vaults_twisty,
          ontoclasm_vaults_loading_screen, st_lines, nicolae_vaults_triangles,
          vaults_room_stairs_pillars, vaults_room_fours, v_alt_pattern_3,
          v_misc_17, v_alt_pattern_2, hangedman_vaults_cutoff,
          ontoclasm_vaults_twist, layout_vaults_omnibox
Vaults:2: nicolae_vaults_shelves_hall, nicolae_vaults_rhombus_6,
          nicolae_vaults_little_squares_5, vaults_mumra_chevron, v_pattern_3,
          serial_ice_h, v_misc_9, nicolae_vaults_asterisk,
          layout_vaults_omnigrid, dummy_crypt_entry
Vaults:3: gammafunk_sealed_arena, nicolae_vaults_hallways_thing,
          nicolae_vaults_diagonal_hallway_6, nicolae_vaults_little_squares_5,
          v_rooms_4, nicolae_vaults_network_square, v_misc_30,
          nicolae_vaults_little_squares_4, grunt_vaults_funnel,
          ontoclasm_vaults_loading_screen, layout_vaults_big_room,
          uniq_asterion, uniq_xtahua
Vaults:4: nicolae_vaults_angled_halls, hangedman_vaults_river_flow,
          hangedman_vaults_corner, nicolae_vaults_what_the_h,
          grunt_vaults_hallway_short, v_misc_15, v_misc_18,
          hangedman_vaults_stream, nicolae_vaults_rhombus_6, grunt_vaults_swirl,
          sword_in_stone, layout_vaults_maze_snakey, uniq_jory
Depths:1: layout_cave_shapes, lightli_too_deep, skrybe_limestone_x,
          hangedman_abyss_or_decor_lesser_grid, serial_bayou_ford_a,
          nicolae_hepliaklqana_monster_ancestors, serial_bayou_shore_b,
          nicolae_integral_box, serial_bayou_shore_b
Depths:2: minmay_glassy_protrusions, layout_cave_shapes,
          minmay_staircase_windowed_small, grunt_pan_entry_sceptre,
          grunt_hell_entry_dis_mu, trog_three_pillars_becter,
          serial_bayou_shore_b, minmay_shop_grove, serial_bayou_shore_b
Depths:3: cheibrodos_salmonella, layout_cave_pools, serial_co_window_serial,
          co_window_of_opportunity_a, co_window_paths_a, co_window_paths_b,
          co_window_paths_a, co_window_paths_b, co_window_corner_b,
          co_window_2corner, co_window_corner_cb, co_window_corner_cb,
          co_window_2corner, co_window_2corner, hell_entry,
          nicolae_wu_jian_immortal_techniques, abyss_entry,
          rand_demon_pan_entry_9
Depths:4: grunt_zot_entry_hairpin, layout_cave_pools, enter_ziggurat_d,
          grunt_pan_entry_spiral, hangedman_glass_teeth, hell_entry,
          minmay_shoptagon

Skill      XL: |  1  2  3  4  5  6  7  8  9 10 11 12 13 14 15 16 17 18 19 20 21 22 |
---------------+-------------------------------------------------------------------+-----
Axes           | 2 3 5 6 7 8 10 12 14 15 16 | 16.0
Fighting       | 4 5 6 7 8 9 10 11 13 14 15 17 18 20 21 | 21.0
Dodging        | 1 2 3 4 5 7 9 10 11 | 11.0
Shields        | 5 7 8 9 10 11 12 13 14 15 19 20 21 | 21.0
Armour         | 4 6 7 8 9 10 11 13 14 15 16 17 18 19 | 19.8
Invocations    | 2 4 5 9 10 | 10.0
Throwing       | 1 2 3 4 5 6 8 9 10 11 12 | 12.0

Action                   |  1- 3 |  4- 6 |  7- 9 | 10-12 | 13-15 | 16-18 | 19-21 | 22-24 || total
-------------------------+-------+-------+-------+-------+-------+-------+-------+-------++-------
Melee: War axe           |    74 |   122 |   270 |   385 |   730 |  1228 |  1563 |   550 ||  4922
       Morningstar       |       |       |       |    14 |    27 |       |       |       ||    41
Throw: Boomerang         |       |     6 |    31 |    15 |    49 |     6 |     1 |       ||   108
       Javelin           |       |       |    15 |    77 |   141 |    80 |   107 |    58 ||   478
Invok: Heroism           |       |       |     8 |    23 |    35 |    50 |    40 |    24 ||   180
       Finesse           |       |       |       |     3 |    12 |    10 |     7 |    11 ||    43
  Use: Scroll            |     8 |     6 |    12 |     1 |     6 |     1 |     2 |     3 ||    39
       Potion            |       |     3 |     5 |     1 |     1 |     1 |     1 |     1 ||    13
 Stab: Petrifying        |       |       |       |       |     5 |       |       |       ||     5
       Petrified         |       |       |       |       |     5 |       |       |       ||     5
       Distracted        |       |       |       |       |       |     1 |       |       ||     1
       Invisible         |       |       |       |       |       |     2 |       |       ||     2
Armor: Scale mail        |    42 |    17 |       |       |       |       |       |       ||    59
       Chain mail        |       |    38 |   175 |    60 |       |       |       |       ||   273
       Plate armour      |       |       |       |   114 |   342 |   458 |   334 |   145 ||  1393
Dodge: Dodged            |    45 |    43 |    83 |    88 |   178 |   431 |   321 |   178 ||  1367
Block: Buckler           |    15 |    24 |    10 |       |       |       |       |       ||    49
       Kite shield       |       |       |   115 |   202 |   406 |  1096 |    20 |       ||  1839
       Reflection        |       |       |       |       |       |    73 |    79 |     5 ||   157
       Tower shield      |       |       |       |       |       |       |  1400 |   572 ||  1972

Table legend:
 A = Non-vault XP
 B = Vault XP
 C = Vault XP percentage of total XP
 D = Non-vault monster count
 E = Vault monster count
 F = Vault count percentage of total count
                 A         B        C        D         E       F
            +---------+---------+-------+---------+---------+-------
      Total |  454697 |  275628 |  37.7 |    1059 |     464 |  30.5
            +---------+---------+-------+---------+---------+-------
        D:1 |      41 |       0 |   0.0 |      23 |       0 |   0.0
        D:2 |      44 |     275 |  86.2 |      15 |       2 |  11.8
        D:3 |     134 |      22 |  14.1 |      22 |       9 |  29.0
        D:4 |     316 |       0 |   0.0 |      19 |       0 |   0.0
        D:5 |     799 |      41 |   4.9 |      17 |       1 |   5.6
        D:6 |    1003 |       3 |   0.3 |      19 |       1 |   5.0
        D:7 |    1499 |       0 |   0.0 |      27 |       0 |   0.0
        D:8 |     738 |     832 |  53.0 |      18 |       4 |  18.2
        D:9 |    1787 |     317 |  15.1 |      32 |       1 |   3.0
       D:10 |    3587 |    1897 |  34.6 |      14 |      10 |  41.7
       D:11 |    6460 |     954 |  12.9 |      17 |       8 |  32.0
       D:12 |    8006 |       0 |   0.0 |      13 |       0 |   0.0
       D:13 |    7319 |    7691 |  51.2 |      20 |      10 |  33.3
       D:14 |   13531 |     283 |   2.0 |      27 |       1 |   3.6
       D:15 |       0 |   45172 | 100.0 |       0 |      77 | 100.0
     Lair:1 |    5724 |     646 |  10.1 |      25 |       4 |  13.8
     Lair:2 |    6753 |    1453 |  17.7 |      24 |       4 |  14.3
     Lair:3 |    1138 |       0 |   0.0 |      11 |       0 |   0.0
     Lair:4 |   11451 |       0 |   0.0 |      37 |       0 |   0.0
     Lair:5 |   14983 |   10320 |  40.8 |      48 |      20 |  29.4
   Shoals:1 |   18355 |    2830 |  13.4 |      33 |       6 |  15.4
   Shoals:2 |   17028 |       0 |   0.0 |      33 |       0 |   0.0
   Shoals:3 |   17572 |    3639 |  17.2 |      38 |       5 |  11.6
   Shoals:4 |   21919 |   22386 |  50.5 |      44 |      36 |  45.0
    Snake:1 |   16335 |     904 |   5.2 |      35 |       2 |   5.4
    Snake:2 |   12943 |    3510 |  21.3 |      26 |       7 |  21.2
    Snake:3 |   19509 |     884 |   4.3 |      32 |       2 |   5.9
    Snake:4 |   11453 |   25880 |  69.3 |      19 |      42 |  68.9
      Orc:1 |    3422 |    1338 |  28.1 |      31 |       7 |  18.4
      Orc:2 |    2523 |    4780 |  65.5 |      35 |      34 |  49.3
   Vaults:1 |   33017 |   27359 |  45.3 |      46 |      34 |  42.5
   Vaults:2 |   33478 |    6736 |  16.8 |      53 |      10 |  15.9
   Vaults:3 |   25010 |   13913 |  35.7 |      35 |      19 |  35.2
   Vaults:4 |   29819 |   37356 |  55.6 |      39 |      43 |  52.4
   Depths:1 |   31986 |    4757 |  12.9 |      42 |       5 |  10.6
   Depths:2 |   14050 |   13762 |  49.5 |      18 |      16 |  47.1
   Depths:3 |   34360 |   32636 |  48.7 |      40 |      29 |  42.0
   Depths:4 |   26605 |       0 |   0.0 |      32 |       0 |   0.0
      Sewer |       0 |      65 | 100.0 |       0 |       7 | 100.0
   Gauntlet |       0 |    2987 | 100.0 |       0 |       8 | 100.0
            +---------+---------+-------+---------+---------+-------
